Workbook
Name \a: #REF!
Name \a: #REF!
Name \a: #REF!
Name \a: #REF!
Name \a: #REF!
Name \a: #REF!
Name \a: #REF!
Name \a: #REF!
Name \a: #REF!
Name \a: #REF!
Name \a: #REF!
Name \a: #REF!
Name \a: #REF!
Name \a: #REF!
Name \a: #REF!
Name \a: #REF!
Name \a: #REF!
Name \a: #REF!
Name \a: #REF!
Name \a: #REF!
Name \a: #REF!
Name \a: #REF!
Name \a: #REF!
Name \a: #REF!
Name \b: #REF!
Name \b: #REF!
Name \b: #REF!
Name \b: #REF!
Name \b: #REF!
Name \b: #REF!
Name \b: #REF!
Name \b: #REF!
Name \b: #REF!
Name \b: #REF!
Name \b: #REF!
Name \b: #REF!
Name \b: #REF!
Name \b: #REF!
Name \b: #REF!
Name \b: #REF!
Name \b: #REF!
Name \b: #REF!
Name \b: #REF!
Name \b: #REF!
Name \b: #REF!
Name \b: #REF!
Name \b: #REF!
Name \b: #REF!
Name \eliminar: [1]RESUM96!#REF!
Name \eliminar: [1]RESUM96!#REF!
Name \eliminar: [1]RESUM96!#REF!
Name \eliminar: [1]RESUM96!#REF!
Name \eliminar: [1]RESUM96!#REF!
Name \eliminar: [1]RESUM96!#REF!
Name \eliminar: [1]RESUM96!#REF!
Name \eliminar: [1]RESUM96!#REF!
Name \eliminar: [1]RESUM96!#REF!
Name \eliminar: [1]RESUM96!#REF!
Name \eliminar: [1]RESUM96!#REF!
Name \eliminar: [1]RESUM96!#REF!

Sheet Interventoria
B3: CÁLCULO DETALLADO DEL VALOR DE LA INTERVENTORÍA
B4: FICHA TECNICA INTERVENTORÍA
B6: SALARIO BASE | C6: SALARIO MENSUAL SEGÚN DEDICACIÓN | D6: TOTAL
B7: Personal Profesional Técnico
B8: Director de Interventoría
B9: Ingeniero/ Arquitecto residente Interventoría
B10: Ayudante
B11: Personal de Apoyo
B12: Secretaría
C13: UN | D13: VALOR UNITARIO
B14: PAPELERIA, TRANSPORTE Y DEMÁS | C14: MES

Sheet Caracterización
A2: CÁLCULO DETALLADO DEL VALOR DE LA CARACTERIZACIÓN VIAL POR KILOMETRO
A3: CARACTERIZACIÓN VIAL POR KILOMETRO PARA EL MEJORAMIENTO Y CONSTRUCCIÓN DE VIAS TERCIARIAS CON PLACA HUELLA EN MUNICIPIOS DEL OCCIDENTE DEL DEPARTAMENTO DE ANTIOQUIA
A4: N° | B4: CONCEPTO | C4: A | D4: B | E4: C | G4: D | H4: F | I4: G
C5: SUELDO MES BÁSICO | D5: CANTIDAD | E5: % DE DEDICACIÓN | F5: FACT. PRESTACIONAL (%) | G5: VALOR MES (A * B * C*E) | H5: N° DE MESES | I5: TOTAL PARCIAL (D * E)
A6: 1.0 | B6: COSTO DE PERSONAL
A7: 1.1 | B7: PERSONAL TÉCNICO
A8: 1.1.1 | B8: Ingeniero SIG | C8: =+Profesional_SIG -> #REF! | D8: 1 | E8: 0.5 | F8: =+factmas2smlv -> #REF! | G8: =+C8*D8*E8*F8 -> #REF! | H8: 0.033 | I8: =ROUND(G8*H8,0) -> #REF!
A9: 2.O | B9: PERSONAL OPERATIVO
B10: Topografo | C10: =+Topo -> #REF! | D10: 1 | E10: 1 | F10: =+F8 -> #REF! | G10: =+C10*D10*E10*F10 -> #REF! | H10: 0.033 | I10: =ROUND(G10*H10,0) -> #REF!
B11: Cadenero | C11: =+cade -> #REF! | D11: 2 | E11: 1 | F11: =+FACTOR_PRESTACIONAL_1sml -> #REF! | G11: =+C11*D11*E11*F11 -> #REF! | H11: =+H10 -> 0.033 | I11: =ROUND(G11*H11,0) -> #REF!
A12: 3.0 | B12: TOTAL COSTOS DE PERSONAL | H12: =SUM(I8:I11) -> #REF!
A13: 4.0 | B13: COSTOS DIRECTOS
B14: DESCRIPCIÓN | C14: UNIDAD | D14: CANTIDAD | F14: VALOR UNITARIO | H14: VALOR TOTAL
A15: 4.1 | B15: Alquiler de Camioneta o Campero 4x4 modelo 2015 en adelante, incluye conductor, comustible y mantenimiento | C15: mes | D15: 0.033 | F15: 6200000 | H15: =+ROUND(D15*F15,0) -> 204600
A16: 4.2 | B16: Alquiler de estación total | C16: mes | D16: =+D15 -> 0.033 | F16: 2400000 | H16: =+ROUND(D16*F16,0) -> 79200
A17: 4.3 | B17: Alquiler de software SIG. | C17: mes | D17: 0.033 | F17: 50000 | H17: =+ROUND(D17*F17,0) -> 1650
B18: TOTAL COSTOS DIRECTOS | H18: =SUM(H15:I17) -> 285450
B19: SUBTOTAL COSTOS DE PERSONAL + COSTOSDIRECTOS | H19: =+H18+H12 -> #REF!
B20: IVA | G20: 0.19 | H20: =+ROUND(H19*G20,0) -> #REF!
A21: TOTAL COSTOS | H21: =SUM(H19:I20) -> #REF!
A24: HAROLDO ANTONIO ARTEAGA ESPINOSA
A25: CC. 15.646.040 CERETE - CORDOBA
A26: IC-M.P. 22202-175769COR
A28: PROYECTO | C28: “MEJORAMIENTO Y CONSTRUCCIÓN DE VIAS TERCIARIAS CON PLACA HUELLA EN MUNICIPIOS DEL OCCIDENTE DEL DEPARTAMENTO DE ANTIOQUIA” | P28: Longitud de caracterizacion
A29: PRESUPUESTO DE CARACTERIZACION VIAL POR MUNICIPIO | M29: MUNICIPIO | N29: Vía | O29: NOMBRE CORREGIDO
A30: LONGITUD TOTAL DEL PROYECTO A CARECTERIZAR EN KM | G30: =+E34+E36+E37+E39+E42+E44+E46+E47+E49+E52+E54 -> 95.984 | M30: ABRIAQUI | N30: LA ANTIGUA 1 | O30: Vía (Frontino -Abriaqui (Código 62AN10-2)) - La Antigua | P30: 4.92
A31: Ítem | B31: Descripción | D31: Unidad | E31: Cantidad | F31: Precio Unitario | G31: Valor parcial | M31: CAICEDO | N31: ROMERAL 1 | O31: Vía (La Usa (Rio Cauca) - Caicedo (Código 25BAN06)) - Romeral Tramo 1 | P31: 5.56
A32: 1.0 | B32: Caracterización vial | D32: km | N32: ROMERAL 2 | O32: Vía (La Usa (Rio Cauca) - Caicedo (Código 25BAN06)) - Romeral Tramo 2
A33: 1.1 | B33: Caracterización vial Municipio de Abriaquí | G33: =SUM(G34:G34) -> #REF! | M33: DABEIBA | N33: EL PITAL | O33: Vía Troncal de Urabá (Ruta 62) - El Pital | P33: 1.38
A34: 1.1.1 | B34: Caractarización Via (Frontino-Abriaquí-Código 62AN10-2)- La Antigua | D34: km | E34: 4.92 | F34: =+H21 -> #REF! | G34: =+ROUND(E34*F34,0) -> #REF! | M34: GIRALDO | N34: FILO MEDIO 1 | O34: Vía Giraldo - Filo Medio | P34: 3.01
A35: 1.2 | B35: Caracterización vial Municipio de Anza | G35: =SUM(G36:G37) -> #REF! | M35: LIBORINA | N35: LOS SAUCES 1 | O35: Vía San Diego -Los Sauces | P35: 1.12
A36: 1.2.1 | B36: Caractarización Via Guintar - La Cordillera | D36: km | E36: 3.067 | F36: =+F34 -> #REF! | G36: =+ROUND(E36*F36,0) -> #REF! | N36: EL MORRO | O36: Vía Liborina a San Diego (Código 62AN14-1) - el Morro. | P36: 5.03
A37: 1.2.2 | B37: Caractarización Via Troncal de Occidente (Sector Bolombolo - Santa Fe de Antioquia, Código 25B02) - Vendeagujal | D37: km | E37: 15.236 | F37: =+F36 -> #REF! | G37: =+ROUND(E37*F37,0) -> #REF! | M37: SABANALARGA | N37: Vía EL ORO 1 | O37: Vía Sabanalarga - El Oro Tramo 1 | P37: 28.66
A38: 1.3 | B38: Caracterización vial Municipio de Caicedo | G38: =+G39 -> #REF! | N38: Vía EL ORO 2 | O38: Vía Sabanalarga - El Oro Tramo 2
A39: 1.3.1 | B39: Caractarización Via (La Usa (Rio Cauca) - Caicedo (Código 25BAN06) - Romeral Tramo1 | D39: km | E39: 5.56 | F39: =+F37 -> #REF! | G39: =+ROUND(E39*F39,0) -> #REF! | M39: URAMITA | N39: CARRETERO2 | O39: Vía Troncal de Urabá (Ruta 62) - El Carretero | P39: 8.4
A40: 1.3.2 | B40: Caractarización Via (La Usa (Rio Cauca) - Caicedo (Código 25BAN06) - Romeral Tramo2 | D40: km | M40: ANZA | N40: CORDILLERA | O40: Vía Guintar - la Cordillera | P40: 3.06
A41: 1.4 | B41: Caracterización vial Municipio de Dabeiba | G41: =SUM(G42:G42) -> #REF! | N41: VENDEAGUJAL | O41: Vía Troncal de Occidente (sector Bolombolo - Santa Fe Código 25B02)- Vendeagujal | P41: 15.2
A42: 1.4.1 | B42: Caractarización Via Troncal de Urabá (Ruta 62) - El Pital | D42: km | E42: 1.38 | F42: =+F39 -> #REF! | G42: =+ROUND(E42*F42,0) -> #REF! | M42: Santa Fe | N42: TONUSCO | O42: Vía Santa Fe - La Aldea | P42: 19.6
A43: 1.5 | B43: Caracterización vial Municipio de Giraldo | G43: =+G44 -> #REF!
A44: 1.5.1 | B44: Caractarización Via Giraldo - Filo Medio | D44: km | E44: 3.01 | F44: =+F42 -> #REF! | G44: =+ROUND(E44*F44,0) -> #REF!
A45: 1.6 | B45: Caracterización vial Municipio de Liborina | G45: =SUM(G46:G47) -> #REF!
A46: 1.6.1 | B46: Caractarización Via San Diego - Los Sauces | D46: km | E46: 5.03 | F46: =+F44 -> #REF! | G46: =+ROUND(E46*F46,0) -> #REF!
A47: 1.6.2 | B47: Caractarización Via Liborina a San Diego (Código 62AN14-1) - El Morro | D47: km | E47: 1.123 | F47: =+F46 -> #REF! | G47: =+ROUND(E47*F47,0) -> #REF!
A48: 1.7 | B48: Caracterización vial Municipio de Sabanalarga | G48: =+G49 -> #REF!
A49: 1.7.1 | B49: Caractarización Via Sabanalarga - El Oro Tramo 1 | D49: km | E49: 28.669 | F49: =+F47 -> #REF! | G49: =+ROUND(E49*F49,0) -> #REF!
A50: 1.7.2 | B50: Caractarización Via Sabanalarga - El Oro Tramo 2 | D50: km
A51: 1.8 | B51: Caracterización vial Municipio de Santa Fe de Antioquia | G51: =SUM(G52:G52) -> #REF!
A52: 1.8.1 | B52: Caractarización Via Santa Fe de Antioquia - La Aldea | D52: km | E52: 19.6 | F52: =+F49 -> #REF! | G52: =+ROUND(E52*F52,0) -> #REF!
A53: 1.9 | B53: Caracterización vial Municipio de Uramita | G53: =+G54 -> #REF!
A54: 1.9.1 | B54: Caractarización Via Troncal de Urabá (Ruta 62) - El Carretero | D54: km | E54: 8.389 | F54: =+F52 -> #REF! | G54: =+ROUND(E54*F54,0) -> #REF!
B55: VALOR TOTAL CARACTERIZACIÓN | G55: =+G33+G35+G38+G41+G43+G45+G48+G51+G53 -> #REF!
A59: HAROLDO ANTONIO ARTEAGA ESPINOSA
A60: CC. 15.646.040 CERETE - CORDOBA
A61: IC-M.P. 22202-175769COR

Sheet Pto.POR MUNICIPIO
A2: PROYECTO | B2: “MEJORAMIENTO Y CONSTRUCCIÓN DE VIAS TERCIARIAS CON PLACA HUELLA EN MUNICIPIOS DEL OCCIDENTE DEL DEPARTAMENTO DE ANTIOQUIA”
A3: PRESUPUESTO
A4: Ítem | B4: Descripción | C4: Unidad | D4: Precio Unitario
A5: 1 | B5: Municipio de Abriaquí | C5: Un | D5: =+#REF!+#REF!+#REF!+#REF!+#REF!+#REF!+#REF!+#REF!+#REF!+#REF!+#REF!+#REF!+#REF!+#REF!+#REF!+#REF!+#REF!+#REF!+#REF!+#REF!+#REF! -> #REF!
A6: =1+A5 -> 2 | B6: Municipio de Anza | C6: Un | D6: =+#REF!+#REF!+#REF!+#REF!+#REF!+#REF!+#REF!+#REF!+#REF!+#REF!+#REF!+#REF!+#REF!+#REF!+#REF!+#REF!+#REF!+#REF!+#REF!+#REF!+#REF! -> #REF!
A7: =1+A6 -> 3 | B7: Municipio de Caicedo | C7: Un | D7: =+#REF!+#REF!+#REF!+#REF!+#REF!+#REF!+#REF!+#REF!+#REF!+#REF!+#REF!+#REF!+#REF!+#REF!+#REF!+#REF!+#REF!+#REF!+#REF!+#REF!+#REF! -> #REF!
A8: =1+A7 -> 4 | B8: Municipio de Dabeiba | C8: Un | D8: =+#REF!+#REF!+#REF!+#REF!+#REF!+#REF!+#REF!+#REF!+#REF!+#REF!+#REF!+#REF!+#REF!+#REF!+#REF!+#REF!+#REF!+#REF!+#REF!+#REF!+#REF! -> #REF!
A9: =1+A8 -> 5 | B9: Municipio de Giraldo | C9: Un | D9: =+#REF!+#REF!+#REF!+#REF!+#REF!+#REF!+#REF!+#REF!+#REF!+#REF!+#REF!+#REF!+#REF!+#REF!+#REF!+#REF!+#REF!+#REF!+#REF!+#REF!+#REF! -> #REF!
A10: =1+A9 -> 6 | B10: Municipio de Liborina | C10: Un | D10: =+#REF!+#REF!+#REF!+#REF!+#REF!+#REF!+#REF!+#REF!+#REF!+#REF!+#REF!+#REF!+#REF!+#REF!+#REF!+#REF!+#REF!+#REF!+#REF!+#REF!+#REF! -> #REF!
A11: =1+A10 -> 7 | B11: Municipio de Sabanalarga | C11: Un | D11: =+#REF!+#REF!+#REF!+#REF!+#REF!+#REF!+#REF!+#REF!+#REF!+#REF!+#REF!+#REF!+#REF!+#REF!+#REF!+#REF!+#REF!+#REF!+#REF!+#REF!+#REF! -> #REF!
A12: =1+A11 -> 8 | B12: Municipio de Santa Fe de Antioquia | C12: Un | D12: =+#REF!+#REF!+#REF!+#REF!+#REF!+#REF!+#REF!+#REF!+#REF!+#REF!+#REF!+#REF!+#REF!+#REF!+#REF!+#REF!+#REF!+#REF!+#REF!+#REF!+#REF! -> #REF!
A13: =1+A12 -> 9 | B13: Municipio de Uramita | C13: Un | D13: =+#REF!+#REF!+#REF!+#REF!+#REF!+#REF!+#REF!+#REF!+#REF!+#REF!+#REF!+#REF!+#REF!+#REF!+#REF!+#REF!+#REF!+#REF!+#REF!+#REF!+#REF! -> #REF!
A14: Total costos directos | D14: =(D5+D6+D7+D8+D9+D10+D11+D12+D13) -> #REF!
A16: Administración | D16: =+#REF! -> #REF! | E16: =+#REF! -> #REF!
A17: Imprevistos | D17: =+#REF! -> #REF! | E17: =+#REF! -> #REF!
A18: Utilidad | D18: =+#REF! -> #REF! | E18: =+#REF! -> #REF!
A19: SUBTOTAL AIU | D19: =SUM(D16:D18) -> #REF! | E19: =E16+E17+E18 -> #REF!
A21: Total costos Directos e Indirectos | E21: =+D14+E19 -> #REF!
A22: COSTO TOTAL DE INTERVENTORÍA | E22: =+#REF! -> #REF!
A23: COSTO TOTAL DE LA IMPLEMENTACIÓN DEL PLAN DE ADAPTACIÓN A LA GUÍA AMBIENTAL (PAGA) | E23: =+#REF! -> #REF!
A24: IMPLEMENTACIÓN DEL PLAN DE MANEJO DE TRANSITO | E24: =+#REF! -> #REF!
A25: CARACTERIZACIÓN VIAL DE 95.984 Km ( Resolución 1860 de 2013 y 1067 de 2015 del Ministerio de Transporte) | E25: =+#REF! -> #REF!
A26: Valor total del proyecto | E26: =+E21+E22+E23+E24+E25 -> #REF!
A31: HAROLDO ANTONIO ARTEAGA ESPINOSA
A32: CC. 15.646.040 CERETE - CORDOBA
A33: IC-M.P. 22202-175769COR

Sheet APU CAPITULO 3
A2: ANALISIS DE PRECIOS UNITARIOS
A3: CAPITULO: 3 | B3: =+#REF! -> #REF! | E3: Municipio: | F3: Abriaquí
A4: ACTIVIDAD GENERAL:3.1 | B4: =+#REF! -> #REF! | F4: UNIDAD | G4: =+#REF! -> #REF!
A5: ACTIVIDAD: | B5: =+#REF! -> #REF!
A6: ITEM: | B6: =+#REF! -> #REF! | F6: UNIDAD | G6: =+G4 -> #REF!
A7: I. MATERIALES EN OBRA
A8: Descripción | C8: Unidad | D8: Precio-Unit. | E8: Cantidad | F8: Valor Unitario
A9: Poste en angulo de 2*2*1/4 de 3,5m para señal | C9: un | D9: =+Poste_en_angulo_de_2_2_1_4_de_3_5m_para_señal -> #REF! | E9: 1 | F9: =+D9*E9 -> #REF!
A10: Señal (grupo 1). Tablero en lámina galvanizada de 75cm*75cm, calibre 16, reflectivo tipo 1/ incluye poste ) | C10: un | D10: =+Señal__grupo_1_._Tablero_en_lámina_galvanizada_de_75cm_75cm__calibre_16__reflectivo_tipo_1__incluye_poste -> #REF! | E10: 1 | F10: =+D10*E10 -> #REF!
A11: Concreto de 140 kg/cm2 | C11: m3 | D11: =+concreto_2000_apartado -> #REF! | E11: 0.035 | F11: =+D11*E11 -> #REF!
F12: Sub-Total | G12: =+ROUND(SUM(F9:F11),0) -> #REF!
A13: II. EQUIPO Y HERRAMIENTAS
A14: Descripción | C14: Tipo | D14: Tarifa/Hr | E14: Rendimiento | F14: Valor Unitario
A15: Herraminetas menores (10%m.o) | F15: =10%*G26 -> #REF!
A16: Camioneta D-300 | D16: =+Camioneta_D_300*1 -> #REF! | E16: 2.5 | F16: =+D16/E16 -> #REF!
F17: Sub-Total | G17: =+ROUND(SUM(F15:F16),0) -> #REF!
A18: III. TRANSPORTES
A19: Materiales | B19: Vol-Peso | C19: Distancia | D19: M3/Km | E19: Tarifa | F19: Valor Unitario
F21: Sub-Total | G21: =+ROUND(SUM(F20:F20),0) -> 0
A22: IV. MANO DE OBRA
A23: Trabajador o Cuadrilla | B23: Jornal | C23: Prestaciones | D23: Jornal/total | E23: Rendimiento | F23: Valor Unitario
A24: Oficial | B24: =+oficial -> #REF! | C24: =+Prestaciones_2 -> #REF! | D24: =+ROUND(B24*C24,0) -> #REF! | E24: =+E16*8 -> 20 | F24: =+D24/E24 -> #REF!
A25: Ayudante (2) | B25: =+ayudante*2 -> #REF! | C25: =+Prestaciones_2 -> #REF! | D25: =+ROUND(B25*C25,0) -> #REF! | E25: =+E24 -> 20 | F25: =+D25/E25 -> #REF!
F26: Sub-Total | G26: =+ROUND(SUM(F24:F25),0) -> #REF!
A28: Total Costos Directos | G28: =+ROUND(G17+G12+G21+G26,0) -> #REF!
A29: V. COSTOS INDIRECTOS
A30: Descripción | G30: Valor Total
A31: Administración | F31: =+Administración -> #REF! | G31: =+ROUND($G$28*F31,0) -> #REF!
A32: Imprevistos | F32: =+Imprevistos -> #REF! | G32: =+ROUND($G$28*F32,0) -> #REF!
A33: Utilidad | F33: =+Utilidad -> #REF! | G33: =+ROUND($G$28*F33,0) -> #REF!
A34: Total Costos Indirectos | G34: =SUM(G31:G33) -> #REF!
A35: Precio Unitario Total Aproximado al Peso | G35: =+G34+G28 -> #REF!
A38: HAROLDO ANTONIO ARTEAGA ESPINOSA
A39: CC. 15.646.040 CERETE - CORDOBA
A40: IC-M.P. 22202-175769COR
A43: ANALISIS DE PRECIOS UNITARIOS
A44: CAPITULO: 3 | B44: =+#REF! -> #REF! | E44: Municipio: | F44: Anza
A45: ACTIVIDAD GENERAL:3.1 | B45: =+#REF! -> #REF! | F45: UNIDAD | G45: =+#REF! -> #REF!
A46: ACTIVIDAD: | B46: =+#REF! -> #REF!
A47: ITEM: | B47: =+#REF! -> #REF! | F47: UNIDAD | G47: =+G45 -> #REF!
A48: I. MATERIALES EN OBRA
A49: Descripción | C49: Unidad | D49: Precio-Unit. | E49: Cantidad | F49: Valor Unitario
A50: Poste en angulo de 2*2*1/4 de 3,5m para señal | C50: un | D50: =+Poste_en_angulo_de_2_2_1_4_de_3_5m_para_señal -> #REF! | E50: 1 | F50: =+D50*E50 -> #REF!
A51: Señal (grupo 1). Tablero en lámina galvanizada de 75cm*75cm, calibre 16, reflectivo tipo 1/ incluye poste ) | C51: un | D51: =+Señal__grupo_1_._Tablero_en_lámina_galvanizada_de_75cm_75cm__calibre_16__reflectivo_tipo_1__incluye_poste -> #REF! | E51: 1 | F51: =+D51*E51 -> #REF!
A52: Concreto de 140 kg/cm2 | C52: m3 | D52: =+concreto_2000_apartado -> #REF! | E52: 0.035 | F52: =+D52*E52 -> #REF!
F53: Sub-Total | G53: =+ROUND(SUM(F50:F52),0) -> #REF!
A54: II. EQUIPO Y HERRAMIENTAS
A55: Descripción | C55: Tipo | D55: Tarifa/Hr | E55: Rendimiento | F55: Valor Unitario
A56: Herraminetas menores (10%m.o) | F56: =10%*G67 -> #REF!
A57: Camioneta D-300 | D57: =+Camioneta_D_300*1 -> #REF! | E57: 2.5 | F57: =+D57/E57 -> #REF!
F58: Sub-Total | G58: =+ROUND(SUM(F56:F57),0) -> #REF!
A59: III. TRANSPORTES
A60: Materiales | B60: Vol-Peso | C60: Distancia | D60: M3/Km | E60: Tarifa | F60: Valor Unitario
F62: Sub-Total | G62: =+ROUND(SUM(F61:F61),0) -> 0
A63: IV. MANO DE OBRA
A64: Trabajador o Cuadrilla | B64: Jornal | C64: Prestaciones | D64: Jornal/total | E64: Rendimiento | F64: Valor Unitario
A65: Oficial | B65: =+oficial -> #REF! | C65: =+Prestaciones_2 -> #REF! | D65: =+ROUND(B65*C65,0) -> #REF! | E65: =+E57*8 -> 20 | F65: =+D65/E65 -> #REF!
A66: Ayudante (2) | B66: =+ayudante*2 -> #REF! | C66: =+Prestaciones_2 -> #REF! | D66: =+ROUND(B66*C66,0) -> #REF! | E66: =+E65 -> 20 | F66: =+D66/E66 -> #REF!
F67: Sub-Total | G67: =+ROUND(SUM(F65:F66),0) -> #REF!
A68: Total Costos Directos | G68: =+ROUND(G58+G53+G62+G67,0) -> #REF!
A69: V. COSTOS INDIRECTOS
A70: Descripción | G70: Valor Total
A71: Administración | F71: =+Administración -> #REF! | G71: =+ROUND($G$28*F71,0) -> #REF!
A72: Imprevistos | F72: =+Imprevistos -> #REF! | G72: =+ROUND($G$28*F72,0) -> #REF!
A73: Utilidad | F73: =+Utilidad -> #REF! | G73: =+ROUND($G$28*F73,0) -> #REF!
A74: Total Costos Indirectos | G74: =SUM(G71:G73) -> #REF!
A75: Precio Unitario Total Aproximado al Peso | G75: =+G74+G68 -> #REF!
A79: HAROLDO ANTONIO ARTEAGA ESPINOSA
A80: CC. 15.646.040 CERETE - CORDOBA
A81: IC-M.P. 22202-175769COR
A84: ANALISIS DE PRECIOS UNITARIOS
A85: CAPITULO: 3 | B85: =+#REF! -> #REF! | E85: Municipio: | F85: Caicedo
A86: ACTIVIDAD GENERAL:3.1 | B86: =+#REF! -> #REF! | F86: UNIDAD | G86: =+#REF! -> #REF!
A87: ACTIVIDAD: | B87: =+#REF! -> #REF!
A88: ITEM: | B88: =+#REF! -> #REF! | F88: UNIDAD | G88: =+G86 -> #REF!
A89: I. MATERIALES EN OBRA
A90: Descripción | C90: Unidad | D90: Precio-Unit. | E90: Cantidad | F90: Valor Unitario
A91: Poste en angulo de 2*2*1/4 de 3,5m para señal | C91: un | D91: =+Poste_en_angulo_de_2_2_1_4_de_3_5m_para_señal -> #REF! | E91: 1 | F91: =+D91*E91 -> #REF!
A92: Señal (grupo 1). Tablero en lámina galvanizada de 75cm*75cm, calibre 16, reflectivo tipo 1/ incluye poste ) | C92: un | D92: =+Señal__grupo_1_._Tablero_en_lámina_galvanizada_de_75cm_75cm__calibre_16__reflectivo_tipo_1__incluye_poste -> #REF! | E92: 1 | F92: =+D92*E92 -> #REF!
A93: Concreto de 140 kg/cm2 | C93: m3 | D93: =+concreto_2000_apartado -> #REF! | E93: 0.035 | F93: =+D93*E93 -> #REF!
F94: Sub-Total | G94: =+ROUND(SUM(F91:F93),0) -> #REF!
A95: II. EQUIPO Y HERRAMIENTAS
A96: Descripción | C96: Tipo | D96: Tarifa/Hr | E96: Rendimiento | F96: Valor Unitario
A97: Herraminetas menores (10%m.o) | F97: =10%*G108 -> #REF!
A98: Camioneta D-300 | D98: =+Camioneta_D_300*1 -> #REF! | E98: 2.5 | F98: =+D98/E98 -> #REF!
F99: Sub-Total | G99: =+ROUND(SUM(F97:F98),0) -> #REF!
A100: III. TRANSPORTES
A101: Materiales | B101: Vol-Peso | C101: Distancia | D101: M3/Km | E101: Tarifa | F101: Valor Unitario
F103: Sub-Total | G103: =+ROUND(SUM(F102:F102),0) -> 0
A104: IV. MANO DE OBRA
A105: Trabajador o Cuadrilla | B105: Jornal | C105: Prestaciones | D105: Jornal/total | E105: Rendimiento | F105: Valor Unitario
A106: Oficial | B106: =+oficial -> #REF! | C106: =+Prestaciones_2 -> #REF! | D106: =+ROUND(B106*C106,0) -> #REF! | E106: =+E98*8 -> 20 | F106: =+D106/E106 -> #REF!
A107: Ayudante (2) | B107: =+ayudante*2 -> #REF! | C107: =+Prestaciones_2 -> #REF! | D107: =+ROUND(B107*C107,0) -> #REF! | E107: =+E106 -> 20 | F107: =+D107/E107 -> #REF!
F108: Sub-Total | G108: =+ROUND(SUM(F106:F107),0) -> #REF!
A109: Total Costos Directos | G109: =+ROUND(G99+G94+G103+G108,0) -> #REF!
A110: V. COSTOS INDIRECTOS
A111: Descripción | G111: Valor Total
A112: Administración | F112: =+Administración -> #REF! | G112: =+ROUND($G$28*F112,0) -> #REF!
A113: Imprevistos | F113: =+Imprevistos -> #REF! | G113: =+ROUND($G$28*F113,0) -> #REF!
A114: Utilidad | F114: =+Utilidad -> #REF! | G114: =+ROUND($G$28*F114,0) -> #REF!
...

Sheet APU CAPITULO 4
A2: ANALISIS DE PRECIOS UNITARIOS
A3: CAPITULO: 4 | B3: =+#REF! -> #REF! | E3: Municipio: | F3: Abriaquí
A4: ACTIVIDAD GENERAL:4.1 | B4: =+#REF! -> #REF! | F4: UNIDAD | G4: =+#REF! -> #REF!
A5: ACTIVIDAD: | B5: =+#REF! -> #REF!
A6: ITEM: | B6: =+#REF! -> #REF! | F6: UNIDAD | G6: =+G4 -> #REF!
A7: I. MATERIALES EN OBRA
A8: Descripción | C8: Unidad | D8: Precio-Unit. | E8: Cantidad | F8: Valor Unitario
F12: Sub-Total | G12: =+ROUND(SUM(F9:F11),0) -> 0
A13: II. EQUIPO Y HERRAMIENTAS
A14: Descripción | C14: Tipo | D14: Tarifa/Hr | E14: Rendimiento | F14: Valor Unitario
A15: Herraminetas menores (10%m.o) | F15: =10%*G27 -> #REF!
A16: Compresor 80HP, con martillo | D16: =+Compresor_80HP__con_martillo -> #REF! | E16: 0.25 | F16: =+D16/E16 -> #REF!
F18: Sub-Total | G18: =+ROUND(SUM(F15:F17),0) -> #REF!
A19: III. TRANSPORTES
A20: Materiales | B20: Vol-Peso | C20: Distancia | D20: M3/Km | E20: Tarifa | F20: Valor Unitario
A21: Volco 6m3 | B21: 12 | C21: =+DISTANCIA_ESCOMBRERA_ABRIAQUÍ -> #REF! | D21: =+B21*C21 -> #REF! | E21: =+Transporte_volco -> #REF! | F21: =+D21*E21 -> #REF!
F22: Sub-Total | G22: =+ROUND(SUM(F21:F21),0) -> #REF!
A23: IV. MANO DE OBRA
A24: Trabajador o Cuadrilla | B24: Jornal | C24: Prestaciones | D24: Jornal/total | E24: Rendimiento | F24: Valor Unitario
A25: Oficial | B25: =+oficial -> #REF! | C25: =+Prestaciones_2 -> #REF! | D25: =+ROUND(B25*C25,0) -> #REF! | E25: =+E16 -> 0.25 | F25: =+D25/E25 -> #REF!
A26: Ayudante (2) | B26: =+ayudante*2 -> #REF! | C26: =+Prestaciones_2 -> #REF! | D26: =+ROUND(B26*C26,0) -> #REF! | E26: =+E25 -> 0.25 | F26: =+D26/E26 -> #REF!
F27: Sub-Total | G27: =+ROUND(SUM(F25:F26),0) -> #REF!
A28: Total Costos Directos | G28: =+ROUND(G18+G12+G22+G27,0) -> #REF!
A29: V. COSTOS INDIRECTOS
A30: Descripción | G30: Valor Total
A31: Administración | F31: =+Administración -> #REF! | G31: =+ROUND($G$28*F31,0) -> #REF!
A32: Imprevistos | F32: =+Imprevistos -> #REF! | G32: =+ROUND($G$28*F32,0) -> #REF!
A33: Utilidad | F33: =+Utilidad -> #REF! | G33: =+ROUND($G$28*F33,0) -> #REF!
A34: Total Costos Indirectos | G34: =SUM(G31:G33) -> #REF!
A35: Precio Unitario Total Aproximado al Peso | G35: =+G34+G28 -> #REF!
A40: HAROLDO ANTONIO ARTEAGA ESPINOSA
A41: CC. 15.646.040 CERETE - CORDOBA
A42: IC-M.P. 22202-175769COR
A48: ANALISIS DE PRECIOS UNITARIOS
A49: CAPITULO: 4 | B49: =+#REF! -> #REF! | E49: Municipio: | F49: Anza
A50: ACTIVIDAD GENERAL:4.1 | B50: =+#REF! -> #REF! | F50: UNIDAD | G50: =+#REF! -> #REF!
A51: ACTIVIDAD: | B51: =+#REF! -> #REF!
A52: ITEM: | B52: =+#REF! -> #REF! | F52: UNIDAD | G52: =+G50 -> #REF!
A54: I. MATERIALES EN OBRA
A55: Descripción | C55: Unidad | D55: Precio-Unit. | E55: Cantidad | F55: Valor Unitario
F59: Sub-Total | G59: =+ROUND(SUM(F56:F58),0) -> 0
A60: II. EQUIPO Y HERRAMIENTAS
A61: Descripción | C61: Tipo | D61: Tarifa/Hr | E61: Rendimiento | F61: Valor Unitario
A62: Herraminetas menores (10%m.o) | F62: =10%*G74 -> #REF!
A63: Compresor 80HP, con martillo | D63: =+Compresor_80HP__con_martillo -> #REF! | E63: 0.25 | F63: =+D63/E63 -> #REF!
F65: Sub-Total | G65: =+ROUND(SUM(F62:F64),0) -> #REF!
A66: III. TRANSPORTES
A67: Materiales | B67: Vol-Peso | C67: Distancia | D67: M3/Km | E67: Tarifa | F67: Valor Unitario
A68: Volco 6m3 | B68: 12 | C68: =+DISTANCIA_ESCOMBRERA_ANZA -> #REF! | D68: =+B68*C68 -> #REF! | E68: =+Transporte_volco -> #REF! | F68: =+D68*E68 -> #REF!
F69: Sub-Total | G69: =+ROUND(SUM(F68:F68),0) -> #REF!
A70: IV. MANO DE OBRA
A71: Trabajador o Cuadrilla | B71: Jornal | C71: Prestaciones | D71: Jornal/total | E71: Rendimiento | F71: Valor Unitario
A72: Oficial | B72: =+oficial -> #REF! | C72: =+Prestaciones_2 -> #REF! | D72: =+ROUND(B72*C72,0) -> #REF! | E72: =+E63 -> 0.25 | F72: =+D72/E72 -> #REF!
A73: Ayudante (2) | B73: =+ayudante*2 -> #REF! | C73: =+Prestaciones_2 -> #REF! | D73: =+ROUND(B73*C73,0) -> #REF! | E73: =+E72 -> 0.25 | F73: =+D73/E73 -> #REF!
F74: Sub-Total | G74: =+ROUND(SUM(F72:F73),0) -> #REF!
A75: Total Costos Directos | G75: =+ROUND(G65+G59+G69+G74,0) -> #REF!
A76: V. COSTOS INDIRECTOS
A77: Descripción | G77: Valor Total
A78: Administración | F78: =+Administración -> #REF! | G78: =+ROUND($G$75*F78,0) -> #REF!
A79: Imprevistos | F79: =+Imprevistos -> #REF! | G79: =+ROUND($G$75*F79,0) -> #REF!
A80: Utilidad | F80: =+Utilidad -> #REF! | G80: =+ROUND($G$75*F80,0) -> #REF!
A81: Total Costos Indirectos | G81: =SUM(G78:G80) -> #REF!
A82: Precio Unitario Total Aproximado al Peso | G82: =+G81+G75 -> #REF!
A87: HAROLDO ANTONIO ARTEAGA ESPINOSA
A88: CC. 15.646.040 CERETE - CORDOBA
A89: IC-M.P. 22202-175769COR
A94: ANALISIS DE PRECIOS UNITARIOS
A95: CAPITULO: 4 | B95: =+#REF! -> #REF! | E95: Municipio: | F95: Caicedo
A96: ACTIVIDAD GENERAL:4.1 | B96: =+#REF! -> #REF! | F96: UNIDAD | G96: =+#REF! -> #REF!
A97: ACTIVIDAD: | B97: =+#REF! -> #REF!
A98: ITEM: | B98: =+#REF! -> #REF! | F98: UNIDAD | G98: =+G96 -> #REF!
A100: I. MATERIALES EN OBRA
A101: Descripción | C101: Unidad | D101: Precio-Unit. | E101: Cantidad | F101: Valor Unitario
F105: Sub-Total | G105: =+ROUND(SUM(F102:F104),0) -> 0
A106: II. EQUIPO Y HERRAMIENTAS
A107: Descripción | C107: Tipo | D107: Tarifa/Hr | E107: Rendimiento | F107: Valor Unitario
A108: Herraminetas menores (10%m.o) | F108: =10%*G120 -> #REF!
A109: Compresor 80HP, con martillo | D109: =+Compresor_80HP__con_martillo -> #REF! | E109: 0.25 | F109: =+D109/E109 -> #REF!
F111: Sub-Total | G111: =+ROUND(SUM(F108:F110),0) -> #REF!
A112: III. TRANSPORTES
A113: Materiales | B113: Vol-Peso | C113: Distancia | D113: M3/Km | E113: Tarifa | F113: Valor Unitario
A114: Volco 6m3 | B114: 12 | C114: =+DISTANCIA_ESCOMBRERA_CAICEDO -> #REF! | D114: =+B114*C114 -> #REF! | E114: =+Transporte_volco -> #REF! | F114: =+D114*E114 -> #REF!
F115: Sub-Total | G115: =+ROUND(SUM(F114:F114),0) -> #REF!
A116: IV. MANO DE OBRA
A117: Trabajador o Cuadrilla | B117: Jornal | C117: Prestaciones | D117: Jornal/total | E117: Rendimiento | F117: Valor Unitario
A118: Oficial | B118: =+oficial -> #REF! | C118: =+Prestaciones_2 -> #REF! | D118: =+ROUND(B118*C118,0) -> #REF! | E118: =+E109 -> 0.25 | F118: =+D118/E118 -> #REF!
A119: Ayudante (2) | B119: =+ayudante*2 -> #REF! | C119: =+Prestaciones_2 -> #REF! | D119: =+ROUND(B119*C119,0) -> #REF! | E119: =+E118 -> 0.25 | F119: =+D119/E119 -> #REF!
F120: Sub-Total | G120: =+ROUND(SUM(F118:F119),0) -> #REF!
A121: Total Costos Directos | G121: =+ROUND(G111+G105+G115+G120,0) -> #REF!
A122: V. COSTOS INDIRECTOS
A123: Descripción | G123: Valor Total
A124: Administración | F124: =+Administración -> #REF! | G124: =+ROUND($G$121*F124,0) -> #REF!
A125: Imprevistos | F125: =+Imprevistos -> #REF! | G125: =+ROUND($G$121*F125,0) -> #REF!
A126: Utilidad | F126: =+Utilidad -> #REF! | G126: =+ROUND($G$121*F126,0) -> #REF!
A127: Total Costos Indirectos | G127: =SUM(G124:G126) -> #REF!
A128: Precio Unitario Total Aproximado al Peso | G128: =+G127+G121 -> #REF!
A133: HAROLDO ANTONIO ARTEAGA ESPINOSA
A134: CC. 15.646.040 CERETE - CORDOBA
A135: IC-M.P. 22202-175769COR
A140: ANALISIS DE PRECIOS UNITARIOS
...

Sheet Rendimiento
A2: PROYECTO | B2: “CONSTRUCCIÓN DE PLACA HUELLA EN LA VIA TERCIARIA QUE DE LA CABECERA MUNICIPAL CONDUCE HACIA LAS VEREDAS AGUILA-ROBLAR DEL MUNICIPIO DE GIRALDO.”
A3: RENDIMIENTOS
A4: Ítem | B4: Ítem de Pago Invias | C4: Descripción | D4: Unidad | E4: Rendimiento mano de obra | F4: Número de cuadrillas
A5: 1.0 | C5: Implementar el mejoramiento de vías terciarias para la estructura de pavimento
A6: 1.1 | B6: 210.2.2 | C6: Excavación en material común de la explanación y canales | D6: m³
A7: 1.1.1 | B7: 210.2.2 | C7: Excavación en material común de la explanación y canales. Municipio de Apartadó | D7: m³ | E7: =+#REF! -> #REF! | F7: 1
A8: 1.1.2 | C8: Excavación en material común de la explanación y canales. Municipio de Arboletes | D8: m³ | E8: =+E7 -> #REF! | F8: 1
A9: 1.1.3 | C9: Excavación en material común de la explanación y canales. Municipio de Carepa | D9: m³ | E9: =+E8 -> #REF! | F9: 1
A10: 1.1.4 | C10: Excavación en material común de la explanación y canales. Municipio de Chigorodó | D10: m³ | E10: =+E9 -> #REF! | F10: 1
A11: 1.1.5 | C11: Excavación en material común de la explanación y canales. Municipio de Mutatá | D11: m³ | E11: =+E10 -> #REF! | F11: 1
A12: 1.1.6 | C12: Excavación en material común de la explanación y canales. Municipio de Necoclí | D12: m³ | E12: =+E11 -> #REF! | F12: 1
A13: 1.1.7 | C13: Excavación en material común de la explanación y canales. Municipio de San Juan de Urabá | D13: m³ | E13: =+E12 -> #REF! | F13: 1
A14: 1.1.8 | C14: Excavación en material común de la explanación y canales. Municipio de San Pedro de Urabá | D14: m³ | E14: =+E13 -> #REF! | F14: 1
A15: 1.1.9 | C15: Excavación en material común de la explanación y canales. Municipio de Turbo | D15: m³ | E15: =+E14 -> #REF! | F15: 1
A16: 1.2 | B16: 900.2 | C16: Trasnporte de material proveniente de la excavación de la explanación, canales y prestamos para distancias mayores de mil metros (1000 M) medido a partir de 100 metros (100 M) | D16: m³/km
A17: 1.2.1 | B17: 900.2 | C17: Trasnporte de material proveniente de la excavación de la explanación, canales y prestamos para distancias mayores de mil metros (1000 M) medido a partir de 100 metros (100 M).Municipio de Apartadó | D17: m³/km | E17: =+#REF!*8 -> #REF! | F17: 2
A18: 1.2.2 | C18: Trasnporte de material proveniente de la excavación de la explanación, canales y prestamos para distancias mayores de mil metros (1000 M) medido a partir de 100 metros (100 M).Municipio de Arboletes | D18: m³/km | E18: 524 | F18: 2
A19: 1.2.3 | C19: Trasnporte de material proveniente de la excavación de la explanación, canales y prestamos para distancias mayores de mil metros (1000 M) medido a partir de 100 metros (100 M).Municipio de Carepa | D19: m³/km | E19: 524 | F19: 2
A20: 1.2.4 | C20: Trasnporte de material proveniente de la excavación de la explanación, canales y prestamos para distancias mayores de mil metros (1000 M) medido a partir de 100 metros (100 M).Municipio de Chigorodó | D20: m³/km | E20: 524 | F20: 2
A21: 1.2.5 | C21: Trasnporte de material proveniente de la excavación de la explanación, canales y prestamos para distancias mayores de mil metros (1000 M) medido a partir de 100 metros (100 M).Municipio de Mutatá | D21: m³/km | E21: 524 | F21: 2
A22: 1.2.6 | C22: Trasnporte de material proveniente de la excavación de la explanación, canales y prestamos para distancias mayores de mil metros (1000 M) medido a partir de 100 metros (100 M).Municipio de Necoclí | D22: m³/km | E22: 524 | F22: 2
A23: 1.2.7 | C23: Trasnporte de material proveniente de la excavación de la explanación, canales y prestamos para distancias mayores de mil metros (1000 M) medido a partir de 100 metros (100 M).Municipio de San Juan de Urabá | D23: m³/km | E23: 524 | F23: 2
A24: 1.2.8 | C24: Trasnporte de material proveniente de la excavación de la explanación, canales y prestamos para distancias mayores de mil metros (1000 M) medido a partir de 100 metros (100 M).Municipio de San Pedro de Urabá | D24: m³/km | E24: 524 | F24: 2
A25: 1.2.9 | C25: Trasnporte de material proveniente de la excavación de la explanación, canales y prestamos para distancias mayores de mil metros (1000 M) medido a partir de 100 metros (100 M).Municipio de Turbo | D25: m³/km | E25: 524 | F25: 2
A26: 1.3 | B26: 310.1 | C26: Conformación de la calzada existente | D26: m²
A27: 1.3.1 | B27: 310.1 | C27: Conformación de la calzada existente. Municipio de Apartadó | D27: m² | E27: =+#REF! -> #REF! | F27: 1
A28: 1.3.2 | C28: Conformación de la calzada existente. Municipio de Arboletes | D28: m² | E28: =+E27 -> #REF! | F28: 1
A29: 1.3.3 | C29: Conformación de la calzada existente. Municipio de Carepa | D29: m² | E29: =+E28 -> #REF! | F29: 1
A30: 1.3.4 | C30: Conformación de la calzada existente. municipio de Chigorodo | D30: m² | E30: =+E29 -> #REF! | F30: 1
A31: 1.3.5 | C31: Conformación de la calzada existente. Municipio de Mutatá | D31: m² | E31: =+E30 -> #REF! | F31: 1
A32: 1.3.6 | C32: Conformación de la calzada existente. Municipio de Necoclí | D32: m² | E32: =+E31 -> #REF! | F32: 1
A33: 1.3.7 | C33: Conformación de la calzada existente. Municipio de San Juan de Urabá | D33: m² | E33: =+E32 -> #REF! | F33: 1
A34: 1.3.8 | C34: Conformación de la calzada existente. Municipio de San Pedro de Urabá | D34: m² | E34: =+E33 -> #REF! | F34: 1
A35: 1.3.9 | C35: Conformación de la calzada existente. Municipio de Turbo | D35: m² | E35: =+E34 -> #REF! | F35: 1
A36: 1.4 | B36: 320.3 | C36: Subbase granular clase C | D36: m³
A37: 1.4.1 | B37: 320.3 | C37: Subbase granular clase C. Municipio de Apartadó | D37: m³ | E37: =+#REF! -> #REF! | F37: 1
A38: 1.4.2 | C38: Subbase granular clase C. Municipio de Arboletes | D38: m³ | E38: =+E37 -> #REF! | F38: 1
A39: 1.4.3 | C39: Subbase granular clase C. Municipio de Carepa | D39: m³ | E39: =+E38 -> #REF! | F39: 1
A40: 1.4.4 | C40: Subbase granular clase C. Municipio de Chigorodó | D40: m³ | E40: =+E39 -> #REF! | F40: 1
A41: 1.4.5 | C41: Subbase granular clase C. Municipio de Mutatá | D41: m³ | E41: =+E40 -> #REF! | F41: 1
A42: 1.4.6 | C42: Subbase granular clase C. Municipio de Necoclí | D42: m³ | E42: =+E41 -> #REF! | F42: 1
A43: 1.4.7 | C43: Subbase granular clase C. Municipio de San Juan de Urabá | D43: m³ | E43: =+E42 -> #REF! | F43: 1
A44: 1.4.8 | C44: Subbase granular clase C. Municipio de San Pedro de Urabá | D44: m³ | E44: =+E43 -> #REF! | F44: 1
A45: 1.4.9 | C45: Subbase granular clase C. Municipio de Turbo | D45: m³ | E45: =+E44 -> #REF! | F45: 1
A46: 1.5 | B46: 600.1.1 | C46: Excavaciónes varias sin clasificar (Vigas Riostra) | D46: m³
A47: 1.5.1 | B47: 600.1.1 | C47: Excavaciónes varias sin clasificar. Municipio de Apartadó | D47: m³ | E47: 6.8 | F47: 1
A48: 1.5.2 | C48: Excavaciónes varias sin clasificar. Municipio de Arboletes | D48: m³ | E48: =+E47 -> 6.8 | F48: 1
A49: 1.5.3 | C49: Excavaciónes varias sin clasificar. Municipio de Carepa | D49: m³ | E49: =+E48 -> 6.8 | F49: 1
A50: 1.5.4 | C50: Excavaciónes varias sin clasificar. Municipio de Chigorodó | D50: m³ | E50: =+E49 -> 6.8 | F50: 1
A51: 1.5.5 | C51: Excavaciónes varias sin clasificar. Municipio de Mutatá | D51: m³ | E51: =+E50 -> 6.8 | F51: 1
A52: 1.5.6 | C52: Excavaciónes varias sin clasificar. Municipio de Necoclí | D52: m³ | E52: =+E51 -> 6.8 | F52: 1
A53: 1.5.7 | C53: Excavaciónes varias sin clasificar. Municipio de San Juan de Urabá | D53: m³ | E53: =+E52 -> 6.8 | F53: 1
A54: 1.5.8 | C54: Excavaciónes varias sin clasificar. Municipio de San Pedro de Urabá | D54: m³ | E54: =+E53 -> 6.8 | F54: 1
A55: 1.5.9 | C55: Excavaciónes varias sin clasificar. Municipio de Turbo | D55: m³ | E55: =+E54 -> 6.8 | F55: 1
A56: 1.6 | B56: 630.4 | C56: Concreto resistencia 21MPA (D) | D56: m³
A57: 1.6.1 | B57: 630.4 | C57: Concreto resistencia 21MPA (D). Municipio de Apartadó | D57: m³ | E57: =+#REF! -> #REF! | F57: 1
A58: 1.6.2 | C58: Concreto resistencia 21MPA (D). Municipio de Arboletes | D58: m³ | E58: =+E57 -> #REF! | F58: 1
A59: 1.6.3 | C59: Concreto resistencia 21MPA (D). Municipio de Carepa | D59: m³ | E59: =+E58 -> #REF! | F59: 1
A60: 1.6.4 | C60: Concreto resistencia 21MPA (D). Municipio de Chigorodó | D60: m³ | E60: =+E59 -> #REF! | F60: 1
A61: 1.6.5 | C61: Concreto resistencia 21MPA (D). Municipio de Mutatá | D61: m³ | E61: =+E60 -> #REF! | F61: 1
A62: 1.6.6 | C62: Concreto resistencia 21MPA (D). Municipio de Necoclí | D62: m³ | E62: =+E61 -> #REF! | F62: 1
A63: 1.6.7 | C63: Concreto resistencia 21MPA (D). Municipio de San Juan de Uraba | D63: m³ | E63: =+E62 -> #REF! | F63: 1
A64: 1.6.8 | C64: Concreto resistencia 21MPA (D). Municipio de San Pedro de Urabá | D64: m³ | E64: =+E63 -> #REF! | F64: 1
A65: 1.6.9 | C65: Concreto resistencia 21MPA (D). Municipio de Turbo | D65: m³ | E65: =+E64 -> #REF! | F65: 1
A66: 1.7 | B66: 630.7 | C66: Concreto resistencia 21MPA (G) (Ciclópeo) | D66: m³
A67: 1.7.1 | B67: 630.7 | C67: Concreto resistencia 21MPA (G) (Ciclópeo). Municipio de Apartadó | D67: m³ | E67: =+#REF! -> #REF! | F67: 1
A68: 1.7.2 | C68: Concreto resistencia 21MPA (G) (Ciclópeo). Municipio de Arboletes | D68: m³ | E68: =+E67 -> #REF! | F68: 1
A69: 1.7.3 | C69: Concreto resistencia 21MPA (G) (Ciclópeo). Municipio de Carepa | D69: m³ | E69: =+E68 -> #REF! | F69: 1
A70: 1.7.4 | C70: Concreto resistencia 21MPA (G) (Ciclópeo). Municipio de Chigorodó | D70: m³ | E70: =+E69 -> #REF! | F70: 1
A71: 1.7.5 | C71: Concreto resistencia 21MPA (G) (Ciclópeo).Municipio de Mutatá | D71: m³ | E71: =+E70 -> #REF! | F71: 1
A72: 1.7.6 | C72: Concreto resistencia 21MPA (G) (Ciclópeo). Municipio de Necoclí | D72: m³ | E72: =+E71 -> #REF! | F72: 1
A73: 1.7.7 | C73: Concreto resistencia 21MPA (G) (Ciclópeo). Municipio de San Juan de Urabá | D73: m³ | E73: =+E72 -> #REF! | F73: 1
A74: 1.7.8 | C74: Concreto resistencia 21MPA (G) (Ciclópeo). Municipio de San Pedro de Urabá | D74: m³ | E74: =+E73 -> #REF! | F74: 1
A75: 1.7.9 | C75: Concreto resistencia 21MPA (G) (Ciclópeo). Municipio de Turbo | D75: m³ | E75: =+E74 -> #REF! | F75: 1
A76: 1.8 | B76: 630.6 | C76: Concreto resistencia 14MPA (F) | D76: m³
A77: 1.8.1 | B77: 630.6 | C77: Concreto resistencia 14MPA (F). Municipio de Apartadó | D77: m³ | E77: =+#REF! -> #REF! | F77: 1
A78: 1.8.2 | C78: Concreto resistencia 14MPA (F).. Municipio de Arboletes | D78: m³ | E78: =+E77 -> #REF! | F78: 1
A79: 1.8.3 | C79: Concreto resistencia 14MPA (F). Municipio de Carepa | D79: m³ | E79: =+E78 -> #REF! | F79: 1
A80: 1.8.4 | C80: Concreto resistencia 14MPA (F). Municipio de Chigorodó | D80: m³ | E80: =+E79 -> #REF! | F80: 1
A81: 1.8.5 | C81: Concreto resistencia 14MPA (F). Municipio de Mutatá | D81: m³ | E81: =+E80 -> #REF! | F81: 1
A82: 1.8.6 | C82: Concreto resistencia 14MPA (F). Municipio de Necoclí | D82: m³ | E82: =+E81 -> #REF! | F82: 1
A83: 1.8.7 | C83: Concreto resistencia 14MPA (F). Municipio de San Juan de Uraba | D83: m³ | E83: =+E82 -> #REF! | F83: 1
A84: 1.8.8 | C84: Concreto resistencia 14MPA (F). Municipio de San Pedro de Urabá | D84: m³ | E84: =+E83 -> #REF! | F84: 1
A85: 1.8.9 | C85: Concreto resistencia 14MPA (F). Municipio de Turbo | D85: m³ | E85: =+E84 -> #REF! | F85: 1
A86: 1.9 | B86: 630.4 | C86: Concreto resistencia 21MPA (D) (Viga riostra) | D86: m³
A87: 1.9.1 | B87: 630.4 | C87: Concreto resistencia 21MPA (D) (Viga riostra). Municipio de Apartadó | D87: m³ | E87: =+#REF! -> #REF! | F87: 1
A88: 1.9.2 | C88: Concreto resistencia 21MPA (D) (Viga riostra). Municipio de Arboletes | D88: m³ | E88: =+E87 -> #REF! | F88: 1
A89: 1.9.3 | C89: Concreto resistencia 21MPA (D) (Viga riostra). Municipio de Carepa | D89: m³ | E89: =+E88 -> #REF! | F89: 1
A90: 1.9.4 | C90: Concreto resistencia 21MPA (D) (Viga riostra). Municipio de Chigorodó | D90: m³ | E90: =+E89 -> #REF! | F90: 1
A91: 1.9.5 | C91: Concreto resistencia 21MPA (D) (Viga riostra). Municipio de Mutatá | D91: m³ | E91: =+E90 -> #REF! | F91: 1
A92: 1.9.6 | C92: Concreto resistencia 21MPA (D) (Viga riostra). Municipio de Necoclí | D92: m³ | E92: =+E91 -> #REF! | F92: 1
A93: 1.9.7 | C93: Concreto resistencia 21MPA (D) (Viga riostra). Municipio de San Juan de Urabá | D93: m³ | E93: =+E92 -> #REF! | F93: 1
A94: 1.9.8 | C94: Concreto resistencia 21MPA (D) (Viga riostra). Municipio de San Pedro de Urabá | D94: m³ | E94: =+E93 -> #REF! | F94: 1
A95: 1.9.9 | C95: Concreto resistencia 21MPA (D) (Viga riostra). huella Municipio de Turbo | D95: m³ | E95: =+E94 -> #REF! | F95: 1
A96: 1.10 | B96: 640.1 | C96: Acero de refuerzo fy 4.200MPA (Huellas y riostras) | D96: kg
A97: 1.10.1 | B97: 640.1 | C97: Acero de refuerzo fy 4.200MPA (Huellas y riostras). Municipio de Apartadó | D97: kg | E97: =+#REF! -> #REF! | F97: 2
A98: 1.10.2 | C98: Acero de refuerzo fy 4.200MPA (Huellas y riostras). Municipio de Arboletes | D98: kg | E98: =+E97 -> #REF! | F98: 3
A99: 1.10.3 | C99: Acero de refuerzo fy 4.200MPA (Huellas y riostras). Municipio de Carepa | D99: kg | E99: =+E98 -> #REF! | F99: 3
A100: 1.10.4 | C100: Acero de refuerzo fy 4.200MPA (Huellas y riostras). Municipio de Chigorodó | D100: kg | E100: =+E99 -> #REF! | F100: 2
A101: 1.10.5 | C101: Acero de refuerzo fy 4.200MPA (Huellas y riostras). Municipio de Mutatá | D101: kg | E101: =+E100 -> #REF! | F101: 2
...

Sheet MEMORIAS CURVAS
D2: Placa huella | M2: Diámetro | P2: Área | R2: Masa
D3: Ancho de sección tangente 1 | E3: 5 | F3: m | L3: Nº | M3: Pulgadas | N3: cm | O3: mm | P3: mm2 | Q3: cm2 | R3: kg/m
D4: Ancho de sección tangente 2 | E4: 5.2 | F4: m | L4: 1 | M4: =L4/8 -> 0.125 | N4: =M4*2.54 -> 0.3175 | O4: =N4*10 -> 3.175 | P4: =3.1416*0.25*O4*O4 -> 7.9173229 | Q4: =3.1416*0.25*N4*N4 -> 0.079173229 | R4: -
D5: Ancho de sección tangente 3 | E5: 0 | F5: m | L5: 2 | M5: =L5/8 -> 0.25 | N5: =M5*2.54 -> 0.635 | O5: =N5*10 -> 6.35 | P5: =3.1416*0.25*O5*O5 -> 31.669291 | Q5: =3.1416*0.25*N5*N5 -> 0.31669291 | R5: 0.25
D6: Ancho de sección en zonas de cruce | E6: 0 | F6: m | L6: 3 | M6: =L6/8 -> 0.375 | N6: =M6*2.54 -> 0.9525 | O6: =N6*10 -> 9.525 | P6: =3.1416*0.25*O6*O6 -> 71.255906 | Q6: =3.1416*0.25*N6*N6 -> 0.71255906 | R6: 0.56
D7: Zonas de cruce | E7: 0 | F7: un | L7: 4 | M7: =L7/8 -> 0.5 | N7: =M7*2.54 -> 1.27 | O7: =N7*10 -> 12.7 | P7: =3.1416*0.25*O7*O7 -> 126.67717 | Q7: =3.1416*0.25*N7*N7 -> 1.2667717 | R7: 0.994
D8: Área ampliación en zonas de cruce | E8: 0 | F8: m2 | L8: 5 | M8: =L8/8 -> 0.625 | N8: =M8*2.54 -> 1.5875 | O8: =N8*10 -> 15.875 | P8: =3.1416*0.25*O8*O8 -> 197.93307 | Q8: =3.1416*0.25*N8*N8 -> 1.9793307 | R8: 1.552
L9: 6 | M9: =L9/8 -> 0.75 | N9: =M9*2.54 -> 1.905 | O9: =N9*10 -> 19.05 | P9: =3.1416*0.25*O9*O9 -> 285.02362 | Q9: =3.1416*0.25*N9*N9 -> 2.8502362 | R9: 2.235
L10: 7 | M10: =L10/8 -> 0.875 | N10: =M10*2.54 -> 2.2225 | O10: =N10*10 -> 22.225 | P10: =3.1416*0.25*O10*O10 -> 387.94882 | Q10: =3.1416*0.25*N10*N10 -> 3.8794882 | R10: 3.042
L11: 8 | M11: =L11/8 -> 1 | N11: =M11*2.54 -> 2.54 | O11: =N11*10 -> 25.4 | P11: =3.1416*0.25*O11*O11 -> 506.70866 | Q11: =3.1416*0.25*N11*N11 -> 5.0670866 | R11: 3.973
L12: 9 | M12: =L12/8 -> 1.125 | N12: =M12*2.54 -> 2.8575 | O12: =N12*10 -> 28.575 | P12: =3.1416*0.25*O12*O12 -> 641.30315 | Q12: =3.1416*0.25*N12*N12 -> 6.4130315 | R12: 5.06
L13: 10 | M13: =L13/8 -> 1.25 | N13: =M13*2.54 -> 3.175 | O13: =N13*10 -> 31.75 | P13: =3.1416*0.25*O13*O13 -> 791.73229 | Q13: =3.1416*0.25*N13*N13 -> 7.9173229 | R13: 6.404
D15: Tipo de curva | E15: L (m) | F15: Longitud típica (m) | G15: Ancho de rodadura (m) | H15: Ancho de cunetas (m) | I15: Ancho total (m) | J15: Área por tipo (m2) | K15: Sección adicional para transición inicio | L15: Sección adicional para transición final | M15: Tramo de transición al inicio | N15: Tramo de transición al final | O15: Radio de dibujo seleccionado | P15: Ángulo de deflexión típico (°) | Q15: Ángulo de deflexión por diseño (°) | R15: Long. Mínima de curva (m)
D16: TANGENTE | E16: =+F16+K16+L16+M16+N16 -> 100 | F16: 100 | G16: 3.6 | H16: 1.4 | I16: =+G16+H16 -> 5 | J16: =+I16*F16 -> 500 | K16: 0 | L16: 0 | O16: 0
I17: =+G17+H17 -> 0 | J17: =+I17*F17 -> 0
D18: 1 | E18: =+F18+K18+L18+M18+N18 -> 392.7 | F18: =+R18 -> 392.7 | G18: 3.6 | H18: 1.4 | I18: =+G18+H18 -> 5 | J18: =+I18*F18 -> 1963.5 | K18: 0 | L18: 0 | O18: 150 | P18: 150 | R18: =(2*3.1416*O18*P18/360) -> 392.7
D19: 2 | E19: =+F19+K19+L19+M19+N19 -> 221.44 | F19: =+R19 -> 209.44 | G19: 3.6 | H19: 1.4 | I19: =+G19+H19 -> 5 | J19: =+I19*F19 -> 1047.2 | K19: 6 | L19: 6 | O19: 80 | P19: 150 | R19: =(2*3.1416*O19*P19/360) -> 209.44
D20: 3 | E20: =+F20+K20+L20+M20+N20 -> 175.08 | F20: =+R20 -> 157.08 | G20: 3.6 | H20: 1.4 | I20: =+G20+H20 -> 5 | J20: =+I20*F20 -> 785.4 | K20: 9 | L20: 9 | O20: 60 | P20: 150 | R20: =(2*3.1416*O20*P20/360) -> 157.08
D21: 4 | E21: =+F21+K21+L21+M21+N21 -> 128.72 | F21: =+R21 -> 104.72 | G21: 3.6 | H21: 1.4 | I21: =+G21+H21 -> 5 | J21: =+I21*F21 -> 523.6 | K21: 12 | L21: 12 | O21: 40 | P21: 150 | R21: =(2*3.1416*O21*P21/360) -> 104.72
D22: 5 | E22: =+F22+K22+L22+M22+N22 -> 115.63 | F22: =+R22 -> 91.63 | G22: 4.05 | H22: 1.4 | I22: =+G22+H22 -> 5.45 | J22: =+I22*F22 -> 499.3835 | K22: 9 | L22: 9 | M22: 3 | N22: 3 | O22: 35 | P22: 150 | R22: =(2*3.1416*O22*P22/360) -> 91.63
D23: 6 | E23: =+F23+K23+L23+M23+N23 -> 95.45 | F23: =+R23 -> 65.45 | G23: 4.05 | H23: 1.4 | I23: =+G23+H23 -> 5.45 | J23: =+I23*F23 -> 356.7025 | K23: 12 | L23: 12 | M23: 3 | N23: 3 | O23: 25 | P23: 150 | R23: =(2*3.1416*O23*P23/360) -> 65.45
D24: 7 | E24: =+F24+K24+L24+M24+N24 -> 47.060633 | F24: =+R24 -> 17.060633 | G24: 4.05 | H24: 1.4 | I24: =+G24+H24 -> 5.45 | J24: =+I24*F24 -> 92.980452 | K24: 12 | L24: 12 | M24: 3 | N24: 3 | O24: 19.55 | P24: 50 | R24: =(2*3.1416*O24*P24/360) -> 17.060633
D25: 8 | E25: =+F25+K25+L25+M25+N25 -> 79.817049 | F25: =+R25 -> 49.817049 | G25: 4.5 | H25: 1.4 | I25: =+G25+H25 -> 5.9 | J25: =+I25*F25 -> 293.92059 | K25: 12 | L25: 12 | M25: 3 | N25: 3 | O25: 19.55 | P25: 146 | R25: =(2*3.1416*O25*P25/360) -> 49.817049
D26: 9 | E26: =+F26+K26+L26+M26+N26 -> 35.592048 | F26: =+R26 -> 5.592048 | G26: 4.05 | H26: 1.4 | I26: =+G26+H26 -> 5.45 | J26: =+I26*F26 -> 30.476662 | K26: 12 | L26: 12 | M26: 3 | N26: 3 | O26: 10.68 | P26: 30 | R26: =(2*3.1416*O26*P26/360) -> 5.592048
D27: 10 | E27: =+F27+K27+L27+M27+N27 -> 38.301678 | F27: =+R27 -> 8.301678 | G27: 4.5 | H27: 1.4 | I27: =+G27+H27 -> 5.9 | J27: =+I27*F27 -> 48.9799 | K27: 9 | L27: 9 | M27: 6 | N27: 6 | O27: 10.57 | P27: =180-135 -> 45 | R27: =(2*3.1416*O27*P27/360) -> 8.301678
D28: 11 | E28: =+F28+K28+L28+M28+N28 -> 44.28597 | F28: =+R28 -> 8.28597 | G28: 4.95 | H28: 1.4 | I28: =+G28+H28 -> 6.35 | J28: =+I28*F28 -> 52.61591 | K28: 9 | L28: 9 | M28: 9 | N28: 9 | O28: 10.55 | P28: 45 | R28: =(2*3.1416*O28*P28/360) -> 8.28597
D29: 12 | E29: =+F29+K29+L29+M29+N29 -> 69.6199 | F29: =+R29 -> 27.6199 | G29: 5.4 | H29: 1.4 | I29: =+G29+H29 -> 6.8 | J29: =+I29*F29 -> 187.81532 | K29: 12 | L29: 12 | M29: 9 | N29: 9 | O29: 10.55 | P29: 150 | R29: =(2*3.1416*O29*P29/360) -> 27.6199
D30: Longitud total | E30: =SUM(E16:E29) -> 1543.6973
D33: Cantidades tramo recto (tangente 1) | E33: Cantidad | F33: Unidad | O33: Riostras 15 cm x 25 cm tramo tangente
D34: Longitud del subtramo | E34: =+E16 -> 100 | F34: m | O34: Separación de Riostras a centros | P34: 3.15 | Q34: m
D35: Espesor placa huella | E35: 0.15 | F35: m | O35: Numero de Riostras por tramo | P35: =(ROUNDUP('MEMORIAS CURVAS'!E34/P34,0))+1 -> 33 | Q35: un
D36: Ancho riostra | E36: 0.15 | F36: m | O36: Ancho Riostra | P36: 0.15 | Q36: m
D37: Ancho placa huella de e=0,15 m | E37: 1 | F37: m | O37: Alto Riostra | P37: 0.25 | Q37: m
D38: Cantidad de huellas | E38: 2 | F38: un | O38: Área Riostra 15cmx25cm | P38: =P36*P37 -> 0.0375 | Q38: m2
D39: Longitud libre de sección | E39: 3 | F39: m | O39: Longitud Riostra | P39: =E39 -> 3 | Q39: m
D40: Ancho piedra pegada | E40: 1 | F40: m | O40: recubrimiento acero | P40: 0.05 | Q40: m
D41: Cantidad de secciones de piedra pegada | E41: 1 | F41: un | O41: Separación Acero Transversal | P41: 0.2 | Q41: m
D42: Sobreancho | E42: 0 | F42: m
D43: Cantidad de secciones de sobreancho | E43: 0 | F43: un
D44: Separación Acero longitudinal | E44: 0.2 | F44: m | O44: Numero de barras longitudinales | P44: 4
D45: Recubrimiento acero | E45: 0.05 | F45: m
D46: Separación acero transversal | E46: 0.2 | F46: m
D47: Total concreto | E47: =(E34-((E36*(ROUNDUP(E34/(E36+E39),0)+1))))*E37*E38*E35 -> 28.515 | F47: m3 | O47: Total Concreto Riostras | P47: =P35*P39*P38 -> 3.7125 | Q47: m3
D48: Total acero longitudinal N°3 C/20 | E48: =(ROUNDUP((E37*E38)/E44,0)+1)*(E34-(E45*2))*$R$6 -> 615.384 | F48: kg | O48: Total Acero Longitudinal barras 4N°3 | P48: =P44*'MEMORIAS CURVAS'!$R$6*(P39-(P40*2))*P35 -> 214.368 | Q48: kg
D49: Total acero transversal N°3 C/20 | E49: =((E34-((E36*(ROUNDUP(E34/(E36+E39),0)+1))))/E46)*E37*E38*$R$6 -> 532.28 | F49: kg | O49: Total Acero Transversal Flejes N°3C/20 | P49: =ROUNDUP(((P39-(P40*2))/P41)+1,0)*P35*'MEMORIAS CURVAS'!$R$6 -> 295.68 | Q49: kg
D50: Concreto ciclópeo | E50: =E34*E35*E40*E41+E34*E35*E42*E43-E358/3 -> 15 | F50: m3
D53: Cantidades tramo recto (tangente 2) | E53: Cantidad | F53: Unidad | O53: RIOSTRAS 15mx25cm Tramo Recto ( Tangente)
D54: Longitud del subtramo | E54: 249.99 | F54: m | O54: Separación de Riostras a centros | P54: 3.15 | Q54: m
D55: Espesor placa huella | E55: 0.15 | F55: m | O55: Numero de Riostras por tramo | P55: =(ROUNDUP('MEMORIAS CURVAS'!E54/P54,0))+1 -> 81 | Q55: un
D56: Ancho riostra | E56: 0.15 | F56: m | O56: Ancho Riostra | P56: 0.15 | Q56: m
D57: Ancho placa huella de e=0,15 m | E57: 1 | F57: m | O57: Alto Riostra | P57: 0.25 | Q57: m
D58: Cantidad de huellas | E58: 2 | F58: un | O58: Área Riostra 15cmx25cm | P58: =P56*P57 -> 0.0375 | Q58: m2
D59: Longitud libre de sección | E59: 3 | F59: m | O59: Longitud Riostra | P59: =E59 -> 3 | Q59: m
D60: Ancho piedra pegada | E60: 1 | F60: m | O60: recubrimiento acero | P60: 0.05 | Q60: m
D61: Cantidad de secciones de piedra pegada | E61: 1 | F61: un | O61: Separación Acero Transversal | P61: 0.2 | Q61: m
D62: Sobreancho | E62: 0 | F62: m
D63: Cantidad de secciones de sobreancho | E63: 0 | F63: un
D64: Separación Acero longitudinal | E64: 0.2 | F64: m | O64: Numero de barras longitudinales | P64: 4
D65: Recubrimiento acero | E65: 0.05 | F65: m
D66: Separación acero transversal | E66: 0.2 | F66: m
D67: Total concreto | E67: =(E54-((E56*(ROUNDUP(E54/(E56+E59),0)+1))))*E57*E58*E55 -> 71.352 | F67: m3 | O67: Total Concreto Riostras | P67: =P55*P59*P58 -> 9.1125 | Q67: m3
D68: Total acero longitudinal N°3 C/20 | E68: =(ROUNDUP((E57*E58)/E64,0)+1)*(E54-(E65*2))*$R$6 -> 1539.3224 | F68: kg | O68: Total Acero Longitudinal barras 4N°3 | P68: =P64*'MEMORIAS CURVAS'!$R$6*(P59-(P60*2))*P55 -> 526.176 | Q68: kg
D69: Total acero transversal N°3 C/20 | E69: =((E54-((E56*(ROUNDUP(E54/(E56+E59),0)+1))))/E66)*E57*E58*$R$6 -> 1331.904 | F69: kg | O69: Total Acero Transversal Flejes N°3C/20 | P69: =ROUNDUP(((P59-(P60*2))/P61)+1,0)*P55*'MEMORIAS CURVAS'!$R$6 -> 725.76 | Q69: kg
D70: Concreto ciclópeo | E70: =E54*E55*E60*E61+E54*E55*E62*E63 -> 37.4985 | F70: m3
A73: =+J88 -> 0 | D73: Cantidades de curva 1 | E73: Cantidad | F73: Unidad | O73: RIOSTRAS 15cmx25cm CURVA 1
D74: Longitud del subtramo | E74: 0 | F74: m | O74: Separación de Riostras a centros | P74: 3.15 | Q74: m
D75: Espesor placa huella | E75: 0.15 | F75: m
D76: Ancho riostra | E76: 0.15 | F76: m | O76: Numero de Riostras por tramo | P76: =(ROUNDUP('MEMORIAS CURVAS'!E74/P74,0))+1 -> 1 | Q76: un
D77: Ancho placa huella de e=0,15 m | E77: 1 | F77: m | O77: Ancho Riostra | P77: 0.15 | Q77: m
D78: Cantidad de huellas | E78: 2 | F78: un | O78: Alto Riostra | P78: 0.25 | Q78: m
D79: Longitud libre de sección | E79: 3 | F79: m | O79: Área Riostra 15cmx25cm | P79: =P77*P78 -> 0.0375 | Q79: m2
D80: Ancho piedra pegada | E80: 1 | F80: m | O80: Longitud Riostra | P80: =E80 -> 1 | Q80: m
D81: Cantidad de secciones de piedra pegada | E81: 1 | F81: un | O81: recubrimiento acero | P81: 0.05 | Q81: m
D82: Sobreancho | E82: 0 | F82: m | O82: Separación Acero Transversal | P82: 0.2 | Q82: m
D83: Cantidad de secciones de sobreancho | E83: 0 | F83: un
D84: Separación Acero longitudinal | E84: 0.2 | F84: m | O84: Numero de barras longitudinales | P84: 4
D85: Recubrimiento acero | E85: 0.05 | F85: m
D86: Separación acero transversal | E86: 0.2 | F86: m
D87: Total concreto | E87: =(E74-((E76*(ROUNDUP(E74/(E76+E79),0)+1))))*E77*E78*E75 -> -0.045 | F87: m3 | O87: Total Concreto Riostras | P87: =P76*P80*P79 -> 0.0375 | Q87: m3
D88: Total acero longitudinal N°3 C/20 | E88: =(ROUNDUP((E77*E78)/E84,0)+1)*(E74-(E85*2))*$R$6 -> -0.616 | F88: kg | O88: Total Acero Longitudinal barras 4N°3 | P88: =P84*'MEMORIAS CURVAS'!$R$6*(P80-(P81*2))*P76 -> 2.016 | Q88: kg
D89: Total acero transversal N°3 C/20 | E89: =((E74-((E76*(ROUNDUP(E74/(E76+E79),0)+1))))/E86)*E77*E78*$R$6 -> -0.84 | F89: kg | O89: Total Acero Transversal Flejes N°3C/20 | P89: =ROUNDUP(((P80-(P81*2))/P82)+1,0)*P76*'MEMORIAS CURVAS'!$R$6 -> 3.36 | Q89: kg
D90: Concreto ciclópeo | E90: =E74*E75*E80*E81+E74*E75*E82*E83 -> 0 | F90: m3
D93: Cantidades de curva 2 | E93: Cantidad | F93: Unidad | O93: RIOSTRAS 15cmx25cm CURVA 2
D94: Longitud del subtramo | E94: 0 | F94: m | O94: Separación de Riostras a centros | P94: 3.15 | Q94: m
D95: Espesor placa huella | E95: 0.15 | F95: m | O95: Numero de Riostras por tramo | P95: =(ROUNDUP('MEMORIAS CURVAS'!E94/P94,0))+1 -> 1 | Q95: un
D96: Ancho riostra | E96: 0.15 | F96: m | O96: Ancho Riostra | P96: 0.15 | Q96: m
D97: Ancho placa huella de e=0,15 m | E97: 1 | F97: m | O97: Alto Riostra | P97: 0.25 | Q97: m
D98: Cantidad de huellas | E98: 2 | F98: un | O98: Área Riostra 20cmx25cm | P98: =P96*P97 -> 0.0375 | Q98: m2
D99: Longitud libre de sección | E99: 3 | F99: m | O99: Longitud Riostra | P99: =E99 -> 3 | Q99: m
D100: Ancho piedra pegada | E100: 1 | F100: m | O100: recubrimiento acero | P100: 0.05 | Q100: m
D101: Cantidad de secciones de piedra pegada | E101: 1 | F101: un | O101: Separación Acero Transversal | P101: 0.2 | Q101: m
D102: Sobreancho | E102: 0 | F102: m | O102: Numero de barras longitudinales | P102: 4
D103: Cantidad de secciones de sobreancho | E103: 0 | F103: un
D104: Separación Acero longitudinal | E104: 0.2 | F104: m
D105: Recubrimiento acero | E105: 0.05 | F105: m | O105: Total Concreto Riostras | P105: =P95*P99*P98 -> 0.1125 | Q105: m3
D106: Separación acero transversal | E106: 0.2 | F106: m | O106: Total Acero Longitudinal barras 4N°3 | P106: =P102*'MEMORIAS CURVAS'!$R$6*(P99-(P100*2))*P95 -> 6.496 | Q106: kg
D107: Total concreto | E107: =(E94-((E96*(ROUNDUP(E94/(E96+E99),0)+1))))*E97*E98*E95 -> -0.045 | F107: m3 | O107: Total Acero Transversal Flejes N°3C/20 | P107: =ROUNDUP(((P99-(P100*2))/P101)+1,0)*P95*'MEMORIAS CURVAS'!$R$6 -> 8.96 | Q107: kg
D108: Total acero longitudinal N°3 C/20 | E108: =(ROUNDUP((E97*E98)/E104,0)+1)*(E94-(E105*2))*$R$6 -> -0.616 | F108: kg
D109: Total acero transversal N°3 C/20 | E109: =((E94-((E96*(ROUNDUP(E94/(E96+E99),0)+1))))/E106)*E97*E98*$R$6 -> -0.84 | F109: kg
D110: Concreto ciclópeo | E110: =E94*E95*E100*E101+E94*E95*E102*E103 -> 0 | F110: m3
...

Sheet 4.6
K1: CÓDIGO | L1: MINFRA-MN-FR-14
C2: INSTITUTO NACIONAL DE VIAS
C3: PROCESO MISIONAL INFRAESTRUCTURA VIAL | K3: VERSIÓN | L3: 1
C4: DIRECCION TECNICA
C5: ANALISIS DE PRECIOS UNITARIOS | K5: PÁGINA | L5: 1 | M5: DE | N5: 1
K9: FECHA | L9: DD | M9: MM | N9: AA
B11: UNIDAD EJECUTORA: | K11: DIRECCIÓN TERRITORIAL:
B18: CONTRATO No. | E18: DE
B19: OBJETO DEL CONTRATO
B22: CONTRATISTA
B24: INTERVENTOR
B27: FECHA CIERRE DE LICITACIÓN Y/O SELECCIÓN ABREVIADA
B29: DATOS ESPECÍFICOS
B30: ITEM | C30: DESCRIPCIÓN | L30: UNIDAD | N30: CANTIDAD
A31: Unidad | B31: =+#REF! -> #REF! | C31: =+#REF! -> #REF! | L31: =+#REF! -> #REF!
B33: I. EQUIPO
B35: DESCRIPCIÓN | I35: TIPO | K35: TARIFA/HORA | L35: RENDIMIENTO | N35: Vr. UNITARIO
A36: C0010810 | B36: Retroexcavadora E-200 sobre orugas | K36: 179791.2 | M36: 23 | N36: =K36/M36 -> 7817.0087
A37: C0010850 | B37: Taco metálico o puntal (escamas en concreto) | K37: 62.7 | M37: 1 | N37: =K37/M37 -> 62.7
B41: HERRAMIENTA MENOR (%) | M41: 0.05 | N41: =N75*M41 -> #REF! | P41: M.O. calificada | Q41: M.O no calificada | R41: Materiales | S41: Servicios domiciliarios | T41: Terrenos | U41: Edificios | V41: Maquinaria y Equipo | W41: Mantenimiento maquinaria y equipo | X41: Transporte | Y41: suma
P42: =+N75*P43/$N$77 -> #REF! | Q42: =+N75*Q43/$N$77 -> #REF! | R42: =+N53/$N$77 -> #REF! | V42: =+N43/$N$77 -> #REF! | X42: =+N64/$N$77 -> #REF! | Y42: =+SUM(P42:X42) -> #REF!
B43: SUBTOTAL $ | N43: =SUM(N36:N42) -> #REF! | P43: 0.4262428 | Q43: 0.5737572
B45: II. MATERIALES
B47: DESCRIPCIÓN | J47: UNIDAD | K47: CANTIDAD | L47: PRECIO UNIT. | N47: Vr. UNITARIO
A48: B0015210 | B48: Tubería PVC RD21 de 1´´ (para anclajes) | J48: m | K48: 0.35 | M48: 5430.3246 | N48: =K48*M48 -> 1900.6136
A49: B021002 | B49: Formaleta Metálica | J49: m2 | K49: 1 | M49: 10983.948 | N49: =K49*M49 -> 10983.948
A50: B0020003 | B50: Acero PDR-60 | J50: kg | K50: 3.8 | M50: 3203.2 | N50: =K50*M50 -> 12172.16
A51: B0123650 | B51: Concreto Resistencia 21 (Mpa) | J51: m3 | K51: 0.18 | M51: 410988 | N51: =K51*M51 -> 73977.84
B53: SUBTOTAL $ | N53: =SUM(N48:N52) -> 99034.561
B55: III. TRANSPORTES
B57: MATERIAL | H57: UNIDAD | I57: CANTIDAD (1) | J57: DISTANCIA (2) | K57: (1) * (2) | L57: TARIFA | N57: Vr. UNITARIO
A58: T0010009 | B58: Transporte de concreto | H58: m3/km | I58: 0.18 | J58: 1 | K58: 0.18 | L58: 1280 | N58: =K58*L58 -> 230.4
B64: SUBTOTAL $ | N64: =N58+N59+N60+N61+N62 -> 230.4
B66: IV. MANO DE OBRA
B68: TRABAJADOR | I68: JORNAL | J68: PRESTACIONES (%) | K68: JORNAL TOTAL | L68: RENDIMIENTO | N68: Vr. UNITARIO
A69: A0030020 | B69: =+#REF! -> #REF! | K69: =+#REF! -> #REF! | M69: 0.33619448 | N69: =K69*M69 -> #REF!
A70: A0040010
B75: SUBTOTAL $ | N75: =SUM(N69:N74) -> #REF!
B77: TOTAL COSTO DIRECTO $ | N77: =N43+N53+N64+N75 -> #REF!
B79: V. COSTOS INDIRECTOS
B81: Descripción | K81: Porcentaje | L81: Valor Total
B82: ADMINISTRACION | K82: 0.2 | L82: =N77*K82 -> #REF!
B83: IMPREVISTOS | K83: 0.05 | L83: =N77*K83 -> #REF!
B84: UTILIDAD | K84: 0.05 | L84: =N77*K84 -> #REF!
B85: SUBTOTAL $ | N85: =L82+L83+L84 -> #REF!
A87: PFinal01 | B87: Precio Unitario Total Aproximado al Peso $ | N87: =N77+N85 -> #REF!
G91: Firma
G92: Nombre:
G93: Representante Legal del Contratista o su Apoderado
G94: Matricula No. :
B96: OBSERVACIONES INTERVENTORÍA
G100: Firma
G101: Nombre:
G102: Representante Legal del Interventor o su Apoderado
G103: Matricula No. :
B104: Original: Archivo de Gestión Contractual ( Subdirección Administrativa)
B105: Copias : Unidad Ejecutora, Contratista, Interventor y Dirección Territorial.

Sheet 4.7
D2: =+#REF! -> #REF!
D6: ANÁLISIS DE PRECIO UNITARIO
B8: CAPÍTULO 4: | D8: =#REF! -> #REF!
B10: Ítem | C10: 4.7 | D10: =+#REF! -> #REF!
D11: Unidad | G11: =+#REF! -> #REF!
B13: MATERIALES | D13: UNIDAD | E13: CANTIDAD | F13: VR. UNITARIO | G13: VALOR TOTAL | I13: M.O. calificada | J13: M.O no calificada | K13: Materiales | L13: Servicios domiciliarios | M13: Terrenos | N13: Edificios | O13: Maquinaria y Equipo | P13: Mantenimiento maquinaria y equipo | Q13: Transporte | R13: suma
B14: 1 | C14: No aplica | G14: =+ROUND(E14*F14,0) -> 0 | I14: =+G30*I15/$G$31 -> #REF! | J14: =+G30*J15/$G$31 -> #REF! | K14: =+G12/$G$31 -> #REF! | O14: =+G20/$G$31 -> #REF! | Q14: =+G25/$G$31 -> #REF! | R14: =+SUM(I14:Q14) -> #REF!
E15: SUBTOTAL MATERIALES | G15: =SUM(G14:G14) -> 0 | I15: 0.59771422 | J15: 0.40228578
B17: EQUIPOS Y HERRAMIENTAS | D17: UNIDAD | E17: RENDIMIENTO | F17: VALOR UNITARIO | G17: VALOR TOTAL
B18: 1 | C18: Herramienta menor (% mano de obra) | D18: glb | E18: 0.1 | F18: =+G30*E18 -> #REF! | G18: =+ROUND(F18,0) -> #REF!
B19: 2 | C19: =+#REF! -> #REF! | D19: h | E19: 0.06 | F19: =+#REF! -> #REF! | G19: =+ROUND(E19*F19,0) -> #REF!
E20: SUBTOTAL EQUIPOS | G20: =SUM(G18:G19) -> #REF!
B22: TRANSPORTE | D22: UNIDAD (m³) | E22: DISTANCIA (km) | F22: VR. UN. ($/ m³*km) | G22: VALOR TOTAL
B23: 1 | C23: =+#REF! -> #REF! | D23: 1.1 | E23: 1 | F23: =+#REF! -> #REF! | G23: =+ROUND(F23*E23*D23,0) -> #REF!
B24: 2 | C24: =+#REF! -> #REF! | D24: 1.1 | F24: =+#REF! -> #REF! | G24: =+ROUND(F24*E24*D24,0) -> #REF!
E25: SUBTOTAL TRANSPORTE | G25: =SUM(G23+G24) -> #REF!
B27: MANO DE OBRA | D27: UNIDAD | E27: RENDIMIENTO | F27: VALOR / HORA | G27: VALOR TOTAL
B28: 1 | C28: =+#REF! -> #REF! | D28: h | E28: 0.15 | F28: =+#REF! -> #REF! | G28: =+ROUND(E28*F28,0) -> #REF!
B29: 2 | G29: =+ROUND(E29*F29,0) -> 0
E30: SUBTOTAL MANO DE OBRA | G30: =ROUND(SUM(G28:G29),0) -> #REF!
E31: COSTO DIRECTO | G31: =+ROUND(G30+G20+G25+G15,0) -> #REF!

Sheet 4.8
K1: CÓDIGO | L1: MINFRA-MN-FR-14
C2: INSTITUTO NACIONAL DE VIAS
C3: PROCESO MISIONAL INFRAESTRUCTURA VIAL | K3: VERSIÓN | L3: 1
C4: DIRECCION TECNICA
C5: ANALISIS DE PRECIOS UNITARIOS | K5: PÁGINA | L5: 1 | M5: DE | N5: 1
K9: FECHA | L9: DD | M9: MM | N9: AA
B11: UNIDAD EJECUTORA: | K11: DIRECCIÓN TERRITORIAL:
B18: CONTRATO No. | E18: DE
B19: OBJETO DEL CONTRATO
B22: CONTRATISTA
B24: INTERVENTOR
B27: FECHA CIERRE DE LICITACIÓN Y/O SELECCIÓN ABREVIADA
B29: DATOS ESPECÍFICOS
B30: ITEM | C30: DESCRIPCIÓN | L30: UNIDAD | N30: CANTIDAD
A31: Unidad | B31: =+#REF! -> #REF! | C31: =+#REF! -> #REF! | L31: =+#REF! -> #REF!
B33: I. EQUIPO
B35: DESCRIPCIÓN | I35: TIPO | K35: TARIFA/HORA | L35: RENDIMIENTO | N35: Vr. UNITARIO
A36: C0010610 | B36: Motoniveladora potencia 215 HP, ancho de cuchilla 4,27 m, peso 18 ton. | K36: 174000 | M36: 15 | N36: =K36/M36 -> 11600
A37: C0010923 | B37: Vibrocompatador, potencia 153 HP, peso 10 Ton. | K37: 78488.784 | M37: 15 | N37: =K37/M37 -> 5232.5856
B41: HERRAMIENTA MENOR (%) | M41: 0.05 | N41: =N77*M41 -> #REF! | P41: M.O. calificada | Q41: M.O no calificada | R41: Materiales | S41: Servicios domiciliarios | T41: Terrenos | U41: Edificios | V41: Maquinaria y Equipo | W41: Mantenimiento maquinaria y equipo | X41: Transporte | Y41: suma
P42: =+$N77*P43/$N$79 -> #REF! | Q42: =+$N77*Q43/$N$79 -> #REF! | R42: =+N55/$N$79 -> #REF! | V42: =+N43/$N$79 -> #REF! | X42: =+N66/$N$79 -> #REF! | Y42: =+SUM(P42:X42) -> #REF!
B43: SUBTOTAL $ | N43: =SUM(N36:N42) -> #REF! | P43: 0.33122223 | Q43: 0.66877777
B45: II. MATERIALES
B47: DESCRIPCIÓN | J47: UNIDAD | K47: CANTIDAD | L47: PRECIO UNIT. | N47: Vr. UNITARIO
A48: B0014410 | B48: Material seleccionado para Relleno | J48: m3 | K48: 1.05 | M48: 18848.267 | N48: =K48*M48 -> 19790.68
A49: B0063200 | B49: Agua | J49: lt | K49: 30 | M49: 46.255123 | N49: =K49*M49 -> 1387.6537
B55: SUBTOTAL $ | N55: =SUM(N48:N54) -> 21178.334
B57: III. TRANSPORTES
B59: MATERIAL | H59: UNIDAD | I59: CANTIDAD (1) | J59: DISTANCIA (2) | K59: (1) * (2) | L59: TARIFA | N59: Vr. UNITARIO
A60: T0010062 | B60: Transporte de material seleccionado para relleno | H60: m3/km | I60: 1.05 | J60: 1 | K60: 1.05 | L60: 1250 | N60: =K60*L60 -> 1312.5
B66: SUBTOTAL $ | N66: =N60+N61+N62+N63+N64 -> 1312.5
B68: IV. MANO DE OBRA
B70: TRABAJADOR | I70: JORNAL | J70: PRESTACIONES (%) | K70: JORNAL TOTAL | L70: RENDIMIENTO | N70: Vr. UNITARIO
A71: A0040010 | B71: =+#REF! -> #REF! | K71: =+#REF! -> #REF! | M71: =0.00833333333333333/(0.666666666666667) -> 0.0125 | N71: =K71*M71 -> #REF!
A72: A0030030
B77: SUBTOTAL $ | N77: =SUM(N71:N76) -> #REF!
B79: TOTAL COSTO DIRECTO $ | N79: =N43+N55+N66+N77 -> #REF!
B81: V. COSTOS INDIRECTOS
B83: Descripción | K83: Porcentaje | L83: Valor Total
B84: ADMINISTRACION | K84: 0.2 | L84: =N79*K84 -> #REF!
B85: IMPREVISTOS | K85: 0.05 | L85: =N79*K85 -> #REF!
B86: UTILIDAD | K86: 0.05 | L86: =N79*K86 -> #REF!
B87: SUBTOTAL $ | N87: =L84+L85+L86 -> #REF!
A89: PFinal01 | B89: Precio Unitario Total Aproximado al Peso $ | N89: =N79+N87 -> #REF!
G93: Firma
G94: Nombre:
G95: Representante Legal del Contratista o su Apoderado
G96: Matricula No. :
B98: OBSERVACIONES INTERVENTORÍA
G102: Firma
G103: Nombre:
G104: Representante Legal del Interventor o su Apoderado
G105: Matricula No. :
B106: Original: Archivo de Gestión Contractual ( Subdirección Administrativa)
B107: Copias : Unidad Ejecutora, Contratista, Interventor y Dirección Territorial.

Sheet 4.9
K1: CÓDIGO | L1: MINFRA-MN-FR-14
C2: INSTITUTO NACIONAL DE VIAS
C3: PROCESO MISIONAL INFRAESTRUCTURA VIAL | K3: VERSIÓN | L3: 1
C4: DIRECCION TECNICA
C5: ANALISIS DE PRECIOS UNITARIOS | K5: PÁGINA | L5: 1 | M5: DE | N5: 1
K9: FECHA | L9: DD | M9: MM | N9: AA
B11: UNIDAD EJECUTORA: | K11: DIRECCIÓN TERRITORIAL:
B18: CONTRATO No. | E18: DE
B19: OBJETO DEL CONTRATO
B22: CONTRATISTA
B24: INTERVENTOR
B27: FECHA CIERRE DE LICITACIÓN Y/O SELECCIÓN ABREVIADA
B29: DATOS ESPECÍFICOS
B30: ITEM | C30: DESCRIPCIÓN | L30: UNIDAD | N30: CANTIDAD
A31: Unidad | B31: 4.9 | C31: =+#REF! -> #REF! | L31: m3
B33: I. EQUIPO
B35: DESCRIPCIÓN | I35: TIPO | K35: TARIFA/HORA | L35: RENDIMIENTO | N35: Vr. UNITARIO
A36: C0010550 | B36: Mezcladora de concreto 1 bulto | K36: 6250 | M36: 1 | N36: =K36/M36 -> 6250
B41: HERRAMIENTA MENOR (%) | M41: 0.05 | N41: =N81*M41 -> #REF! | P41: M.O. calificada | Q41: M.O no calificada | R41: Materiales | S41: Servicios domiciliarios | T41: Terrenos | U41: Edificios | V41: Maquinaria y Equipo | W41: Mantenimiento maquinaria y equipo | X41: Transporte | Y41: suma
P42: =+N81*P43/$N$83 -> #REF! | Q42: =+N81*Q43/$N$83 -> #REF! | R42: =+N59/$N$83 -> #REF! | V42: =+N43/$N$83 -> #REF! | X42: =+N70/$N$83 -> #REF! | Y42: =+SUM(P42:X42) -> #REF!
B43: SUBTOTAL $ | N43: =SUM(N36:N42) -> #REF! | P43: 0.15663369 | Q43: 0.84336631
B45: II. MATERIALES
B47: DESCRIPCIÓN | J47: UNIDAD | K47: CANTIDAD | L47: PRECIO UNIT. | N47: Vr. UNITARIO
A48: B0053100 | B48: Agregado para concreto hidráulico | J48: m3 | K48: 0.84 | M48: 52545.26 | N48: =K48*M48 -> 44138.018
A49: B0063200 | B49: Agua | J49: lt | K49: 185 | M49: 46.255123 | N49: =K49*M49 -> 8557.1977
A50: B0093350 | B50: Arena lavada | J50: m3 | K50: 0.63 | M50: 29000 | N50: =K50*M50 -> 18270
A51: B0100001 | B51: Cemento gris | J51: kg | K51: 260 | M51: 580 | N51: =K51*M51 -> 150800
B59: SUBTOTAL $ | N59: =SUM(N48:N58) -> 221765.22
B61: III. TRANSPORTES
B63: MATERIAL | H63: UNIDAD | I63: CANTIDAD (1) | J63: DISTANCIA (2) | K63: (1) * (2) | L63: TARIFA | N63: Vr. UNITARIO
A64: T0010004 | B64: Transporte de arena | H64: m3k | I64: 0.63 | J64: 1 | K64: 0.63 | L64: 1250 | N64: =K64*L64 -> 787.5
A65: T0010042 | B65: Transporte de material triturado | H65: m3k | I65: 0.84 | J65: 1 | K65: 0.84 | L65: 1250 | N65: =K65*L65 -> 1050
B70: SUBTOTAL $ | N70: =N64+N65+N66+N67+N68 -> 1837.5
B72: IV. MANO DE OBRA
B74: TRABAJADOR | I74: JORNAL | J74: PRESTACIONES (%) | K74: JORNAL TOTAL | L74: RENDIMIENTO | N74: Vr. UNITARIO
A75: A0030080 | B75: =+#REF! -> #REF! | K75: =+#REF! -> #REF! | M75: 1.14 | N75: =K75*M75 -> #REF!
A76: A0040010
B81: SUBTOTAL $ | N81: =SUM(N75:N80) -> #REF!
B83: TOTAL COSTO DIRECTO $ | N83: =N43+N59+N70+N81 -> #REF!
B85: V. COSTOS INDIRECTOS
B87: Descripción | K87: Porcentaje | L87: Valor Total
B88: ADMINISTRACION | K88: 0.2 | L88: =N83*K88 -> #REF!
B89: IMPREVISTOS | K89: 0.05 | L89: =N83*K89 -> #REF!
B90: UTILIDAD | K90: 0.05 | L90: =N83*K90 -> #REF!
B91: SUBTOTAL $ | N91: =L88+L89+L90 -> #REF!
A93: PFinal01 | B93: Precio Unitario Total Aproximado al Peso $ | N93: =N83+N91 -> #REF!
G97: Firma
G98: Nombre:
G99: Representante Legal del Contratista o su Apoderado
G100: Matricula No. :
B102: OBSERVACIONES INTERVENTORÍA
G106: Firma
G107: Nombre:
G108: Representante Legal del Interventor o su Apoderado
G109: Matricula No. :
B110: Original: Archivo de Gestión Contractual ( Subdirección Administrativa)
B111: Copias : Unidad Ejecutora, Contratista, Interventor y Dirección Territorial.

Sheet 4.10
K1: CÓDIGO | L1: MINFRA-MN-FR-14
C2: INSTITUTO NACIONAL DE VIAS
C3: PROCESO MISIONAL INFRAESTRUCTURA VIAL | K3: VERSIÓN | L3: 1
C4: DIRECCION TECNICA
C5: ANALISIS DE PRECIOS UNITARIOS | K5: PÁGINA | L5: 1 | M5: DE | N5: 1
K9: FECHA | L9: DD | M9: MM | N9: AA
B11: UNIDAD EJECUTORA: | K11: DIRECCIÓN TERRITORIAL:
B18: CONTRATO No. | E18: DE
B19: OBJETO DEL CONTRATO
B22: CONTRATISTA
B24: INTERVENTOR
B27: FECHA CIERRE DE LICITACIÓN Y/O SELECCIÓN ABREVIADA
B29: DATOS ESPECÍFICOS
B30: ITEM | C30: DESCRIPCIÓN | L30: UNIDAD | N30: CANTIDAD
A31: Unidad | B31: =+#REF! -> #REF! | C31: =+#REF! -> #REF! | L31: =+#REF! -> #REF!
B33: I. EQUIPO
B35: DESCRIPCIÓN | I35: TIPO | K35: TARIFA/HORA | L35: RENDIMIENTO | N35: Vr. UNITARIO
A36: C0010550 | B36: Mezcladora de concreto 1 bulto | K36: 6250 | M36: 1 | N36: =K36/M36 -> 6250
P40: M.O. calificada | Q40: M.O no calificada | R40: Materiales | S40: Servicios domiciliarios | T40: Terrenos | U40: Edificios | V40: Maquinaria y Equipo | W40: Mantenimiento maquinaria y equipo | X40: Transporte | Y40: suma
B41: HERRAMIENTA MENOR (%) | M41: 0.05 | N41: =N81*M41 -> #REF! | P41: =+N81*P42/$N$83 -> #REF! | Q41: =+N81*Q42/$N$83 -> #REF! | R41: =+N59/$N$83 -> #REF! | V41: =+N43/$N$83 -> #REF! | X41: =+N70/$N$83 -> #REF! | Y41: =+SUM(P41:X41) -> #REF!
P42: 0.15663369 | Q42: 0.84336631
B43: SUBTOTAL $ | N43: =SUM(N36:N42) -> #REF!
B45: II. MATERIALES
B47: DESCRIPCIÓN | J47: UNIDAD | K47: CANTIDAD | L47: PRECIO UNIT. | N47: Vr. UNITARIO
A48: B0053100 | B48: Agregado para concreto hidráulico | J48: m3 | K48: 0.84 | M48: 52545.26 | N48: =K48*M48 -> 44138.018
A49: B0063200 | B49: Agua | J49: lt | K49: 185 | M49: 46.255123 | N49: =K49*M49 -> 8557.1977
A50: B0093350 | B50: Arena lavada | J50: m3 | K50: 0.63 | M50: 29000 | N50: =K50*M50 -> 18270
A51: B0100001 | B51: Cemento gris | J51: kg | K51: 260 | M51: 580 | N51: =K51*M51 -> 150800
B59: SUBTOTAL $ | N59: =SUM(N48:N58) -> 221765.22
B61: III. TRANSPORTES
B63: MATERIAL | H63: UNIDAD | I63: CANTIDAD (1) | J63: DISTANCIA (2) | K63: (1) * (2) | L63: TARIFA | N63: Vr. UNITARIO
A64: T0010004 | B64: Transporte de arena | H64: m3k | I64: 0.63 | J64: 1 | K64: 0.63 | L64: 1250 | N64: =K64*L64 -> 787.5
A65: T0010042 | B65: Transporte de material triturado | H65: m3k | I65: 0.84 | J65: 1 | K65: 0.84 | L65: 1250 | N65: =K65*L65 -> 1050
B70: SUBTOTAL $ | N70: =N64+N65+N66+N67+N68 -> 1837.5
B72: IV. MANO DE OBRA
B74: TRABAJADOR | I74: JORNAL | J74: PRESTACIONES (%) | K74: JORNAL TOTAL | L74: RENDIMIENTO | N74: Vr. UNITARIO
A75: A0030080 | B75: =+#REF! -> #REF! | K75: =+#REF! -> #REF! | M75: 1.14 | N75: =K75*M75 -> #REF!
A76: A0040010
B81: SUBTOTAL $ | N81: =SUM(N75:N80) -> #REF!
B83: TOTAL COSTO DIRECTO $ | N83: =N43+N59+N70+N81 -> #REF!
B85: V. COSTOS INDIRECTOS
B87: Descripción | K87: Porcentaje | L87: Valor Total
B88: ADMINISTRACION | K88: 0.2 | L88: =N83*K88 -> #REF!
B89: IMPREVISTOS | K89: 0.05 | L89: =N83*K89 -> #REF!
B90: UTILIDAD | K90: 0.05 | L90: =N83*K90 -> #REF!
B91: SUBTOTAL $ | N91: =L88+L89+L90 -> #REF!
A93: PFinal01 | B93: Precio Unitario Total Aproximado al Peso $ | N93: =N83+N91 -> #REF!
G97: Firma
G98: Nombre:
G99: Representante Legal del Contratista o su Apoderado
G100: Matricula No. :
B102: OBSERVACIONES INTERVENTORÍA
G106: Firma
G107: Nombre:
G108: Representante Legal del Interventor o su Apoderado
G109: Matricula No. :
B110: Original: Archivo de Gestión Contractual ( Subdirección Administrativa)
B111: Copias : Unidad Ejecutora, Contratista, Interventor y Dirección Territorial.

Sheet 4.11
D2: =+#REF! -> #REF!
D6: ANÁLISIS DE PRECIO UNITARIO
B8: CAPÍTULO 4: | D8: =+#REF! -> #REF!
B10: Ítem | C10: 4.11 | D10: =+#REF! -> #REF!
D11: Unidad | G11: =+#REF! -> #REF!
B13: MATERIALES | D13: UNIDAD | E13: CANTIDAD | F13: VR. UNITARIO | G13: VALOR TOTAL
B14: 1 | C14: No aplica | G14: =+ROUND(E14*F14,0) -> 0 | I14: M.O. calificada | J14: M.O no calificada | K14: Materiales | L14: Servicios domiciliarios | M14: Terrenos | N14: Edificios | O14: Maquinaria y Equipo | P14: Mantenimiento maquinaria y equipo | Q14: Transporte | R14: suma
E15: SUBTOTAL MATERIALES | G15: =SUM(G14:G14) -> 0 | I15: =+$G$30*I16/$G$31 -> #REF! | J15: =+$G$30*J16/$G$31 -> #REF! | K15: =+G15/$G$31 -> #REF! | O15: =+G20/$G$31 -> #REF! | Q15: =+G25/$G$31 -> #REF! | R15: =+SUM(I15:Q15) -> #REF!
I16: 0.59771422 | J16: 0.40228578
B17: EQUIPOS Y HERRAMIENTAS | D17: UNIDAD | E17: RENDIMIENTO | F17: VALOR UNITARIO | G17: VALOR TOTAL
B18: 1 | C18: Herramienta menor (% mano de obra) | D18: glb | E18: 0.1 | F18: =+G30*E18 -> #REF! | G18: =+ROUND(F18,0) -> #REF!
B19: 2 | C19: =+#REF! -> #REF! | D19: h | E19: 0.06 | F19: =+#REF! -> #REF! | G19: =+ROUND(E19*F19,0) -> #REF!
E20: SUBTOTAL EQUIPOS | G20: =SUM(G18:G19) -> #REF!
B22: TRANSPORTE | D22: UNIDAD (m³) | E22: DISTANCIA (km) | F22: VR. UN. ($/ m³*km) | G22: VALOR TOTAL
B23: 1 | C23: =+#REF! -> #REF! | D23: 1.1 | E23: 1 | F23: =+#REF! -> #REF! | G23: =+ROUND(F23*E23*D23,0) -> #REF!
B24: 2 | C24: =+#REF! -> #REF! | D24: 1.1 | F24: =+#REF! -> #REF! | G24: =+ROUND(F24*E24*D24,0) -> #REF!
E25: SUBTOTAL TRANSPORTE | G25: =SUM(G23+G24) -> #REF!
B27: MANO DE OBRA | D27: UNIDAD | E27: RENDIMIENTO | F27: VALOR / HORA | G27: VALOR TOTAL
B28: 1 | C28: =+#REF! -> #REF! | D28: h | E28: 0.15 | F28: =+#REF! -> #REF! | G28: =+ROUND(E28*F28,0) -> #REF!
B29: 2 | G29: =+ROUND(E29*F29,0) -> 0
E30: SUBTOTAL MANO DE OBRA | G30: =ROUND(SUM(G28:G29),0) -> #REF!
E31: COSTO DIRECTO | G31: =+ROUND(G30+G20+G25+G15,0) -> #REF!

Sheet 4.13
K1: CÓDIGO | L1: MINFRA-MN-FR-14
C2: INSTITUTO NACIONAL DE VIAS
C3: PROCESO MISIONAL INFRAESTRUCTURA VIAL | K3: VERSIÓN | L3: 1
C4: DIRECCION TECNICA
C5: ANALISIS DE PRECIOS UNITARIOS | K5: PÁGINA | L5: 1 | M5: DE | N5: 1
K9: FECHA | L9: DD | M9: MM | N9: AA
B11: UNIDAD EJECUTORA: | K11: DIRECCIÓN TERRITORIAL:
B18: CONTRATO No. | E18: DE
B19: OBJETO DEL CONTRATO
B22: CONTRATISTA
B24: INTERVENTOR
B27: FECHA CIERRE DE LICITACIÓN Y/O SELECCIÓN ABREVIADA
B29: DATOS ESPECÍFICOS
B30: ITEM | C30: DESCRIPCIÓN | L30: UNIDAD | N30: CANTIDAD
A31: Unidad | B31: 4.13 | C31: =+#REF! -> #REF! | L31: =+#REF! -> #REF!
B33: I. EQUIPO
B35: DESCRIPCIÓN | I35: TIPO | K35: TARIFA/HORA | L35: RENDIMIENTO | N35: Vr. UNITARIO
A36: C0010550 | B36: Mezcladora de concreto 1 bulto | K36: 6250 | M36: 1 | N36: =K36/M36 -> 6250
B41: HERRAMIENTA MENOR (%) | M41: 0.05 | N41: =N81*M41 -> #REF! | P41: M.O. calificada | Q41: M.O no calificada | R41: Materiales | S41: Servicios domiciliarios | T41: Terrenos | U41: Edificios | V41: Maquinaria y Equipo | W41: Mantenimiento maquinaria y equipo | X41: Transporte | Y41: suma
P42: =+$N$81*P43/$N$83 -> #REF! | Q42: =+$N$81*Q43/$N$83 -> #REF! | R42: =+N59/$N$83 -> #REF! | V42: =+N43/$N$83 -> #REF! | X42: =+N70/$N$83 -> #REF! | Y42: =+SUM(P42:X42) -> #REF!
B43: SUBTOTAL $ | N43: =SUM(N36:N42) -> #REF! | P43: 0.15663369 | Q43: 0.84336631
B45: II. MATERIALES
B47: DESCRIPCIÓN | J47: UNIDAD | K47: CANTIDAD | L47: PRECIO UNIT. | N47: Vr. UNITARIO
A48: B0053100 | B48: Agregado para concreto hidráulico | J48: m3 | K48: 0.84 | M48: 52545.26 | N48: =K48*M48 -> 44138.018
A49: B0063200 | B49: Agua | J49: lt | K49: 185 | M49: 46.255123 | N49: =K49*M49 -> 8557.1977
A50: B0093350 | B50: Arena lavada | J50: m3 | K50: 0.63 | M50: 29000 | N50: =K50*M50 -> 18270
A51: B0100001 | B51: Cemento gris | J51: kg | K51: 260 | M51: 580 | N51: =K51*M51 -> 150800
B59: SUBTOTAL $ | N59: =SUM(N48:N58) -> 221765.22
B61: III. TRANSPORTES
B63: MATERIAL | H63: UNIDAD | I63: CANTIDAD (1) | J63: DISTANCIA (2) | K63: (1) * (2) | L63: TARIFA | N63: Vr. UNITARIO
A64: T0010004 | B64: Transporte de arena | H64: m3k | I64: 0.63 | J64: 1 | K64: 0.63 | L64: 1250 | N64: =K64*L64 -> 787.5
A65: T0010042 | B65: Transporte de material triturado | H65: m3k | I65: 0.84 | J65: 1 | K65: 0.84 | L65: 1250 | N65: =K65*L65 -> 1050
B70: SUBTOTAL $ | N70: =N64+N65+N66+N67+N68 -> 1837.5
B72: IV. MANO DE OBRA
B74: TRABAJADOR | I74: JORNAL | J74: PRESTACIONES (%) | K74: JORNAL TOTAL | L74: RENDIMIENTO | N74: Vr. UNITARIO
A75: A0030080 | B75: =+#REF! -> #REF! | K75: =+#REF! -> #REF! | M75: 1.14 | N75: =K75*M75 -> #REF!
A76: A0040010
B81: SUBTOTAL $ | N81: =SUM(N75:N80) -> #REF!
B83: TOTAL COSTO DIRECTO $ | N83: =N43+N59+N70+N81 -> #REF!
B85: V. COSTOS INDIRECTOS
B87: Descripción | K87: Porcentaje | L87: Valor Total
B88: ADMINISTRACION | K88: 0.2 | L88: =N83*K88 -> #REF!
B89: IMPREVISTOS | K89: 0.05 | L89: =N83*K89 -> #REF!
B90: UTILIDAD | K90: 0.05 | L90: =N83*K90 -> #REF!
B91: SUBTOTAL $ | N91: =L88+L89+L90 -> #REF!
A93: PFinal01 | B93: Precio Unitario Total Aproximado al Peso $ | N93: =N83+N91 -> #REF!
G97: Firma
G98: Nombre:
G99: Representante Legal del Contratista o su Apoderado
G100: Matricula No. :
B102: OBSERVACIONES INTERVENTORÍA
G106: Firma
G107: Nombre:
G108: Representante Legal del Interventor o su Apoderado
G109: Matricula No. :
B110: Original: Archivo de Gestión Contractual ( Subdirección Administrativa)
B111: Copias : Unidad Ejecutora, Contratista, Interventor y Dirección Territorial.

Sheet 4.17
D2: =+#REF! -> #REF!
D6: ANÁLISIS DE PRECIO UNITARIO
B8: CAPÍTULO 4: | D8: =+#REF! -> #REF!
B10: Ítem | C10: =+#REF! -> #REF! | D10: =+#REF! -> #REF!
D11: Unidad | G11: =+#REF! -> #REF!
B12: MATERIALES | D12: UNIDAD | E12: CANTIDAD | F12: VALOR UNITARIO | G12: VALOR TOTAL
B13: 1 | C13: Soldadura PVC wet bonding 1/8 galón | D13: un | E13: 0.3 | F13: =+#REF! -> #REF! | G13: =ROUND(F13*E13,0) -> #REF!
B14: 2 | C14: Limpiador PVC x 1/4 de galón | D14: =+D13 -> un | E14: 0.0066312299 | F14: =+#REF! -> #REF! | G14: =ROUND(F14*E14,0) -> #REF! | I14: M.O. calificada | J14: M.O no calificada | K14: Materiales | L14: Servicios domiciliarios | M14: Terrenos | N14: Edificios | O14: Maquinaria y Equipo | P14: Mantenimiento maquinaria y equipo | Q14: Transporte | R14: suma
B15: 3 | C15: Tubería PVC Alcantarillado 4" | D15: m | E15: 1.04 | F15: 12900 | G15: =ROUND(F15*E15,0) -> 13416 | I15: =+$G$28*I16/$G$29 -> #REF! | J15: =+$G$28*J16/$G$29 -> #REF! | K15: =+G16/$G$29 -> #REF! | O15: =+G20/$G$29 -> #REF! | Q15: =+G24/$G$29 -> #REF! | R15: =+SUM(I15:Q15) -> #REF!
E16: SUBTOTAL MATERIALES | G16: =+SUM(G13:G15) -> #REF! | I16: 0.59771422 | J16: 0.40228578
B18: EQUIPOS Y HERRAMIENTAS | D18: UNIDAD | E18: =+E12 -> CANTIDAD | F18: VALOR UNITARIO | G18: VALOR TOTAL
B19: 1 | C19: Herramienta menor (% mano de obra) | D19: glb | E19: 0.1 | F19: =+G28*E19 -> #REF! | G19: =+ROUND(F19,0) -> #REF!
E20: SUBTOTAL EQUIPOS | G20: =+G19 -> #REF!
B22: TRANSPORTE | D22: UNIDAD | E22: DISTANCIA km | F22: VR. UN. ($/ m³*km) | G22: VALOR TOTAL
C23: No aplica | G23: =+ROUND(E23*F23*D23,0) -> 0
E24: SUBTOTAL TRANSPORTE | G24: 0
B26: MANO DE OBRA | D26: =+D22 -> UNIDAD | E26: =+E18 -> CANTIDAD | F26: =+#REF! -> #REF! | G26: VALOR TOTAL
B27: 1 | C27: =+#REF! -> #REF! | D27: h | E27: 0.4 | F27: =+#REF! -> #REF! | G27: =ROUND(F27*E27,0) -> #REF!
E28: SUBTOTAL MANO DE OBRA | G28: =+G27 -> #REF!
E29: COSTO DIRECTO | G29: =G16+G20+G28+G24 -> #REF!

Sheet 4.19
K1: CÓDIGO | L1: MINFRA-MN-FR-14
C2: INSTITUTO NACIONAL DE VIAS
C3: PROCESO MISIONAL INFRAESTRUCTURA VIAL | K3: VERSIÓN | L3: 1
C4: DIRECCION TECNICA
C5: ANALISIS DE PRECIOS UNITARIOS | K5: PÁGINA | L5: 1 | M5: DE | N5: 1
K9: FECHA | L9: DD | M9: MM | N9: AA
B11: UNIDAD EJECUTORA: | K11: DIRECCIÓN TERRITORIAL:
B18: CONTRATO No. | E18: DE
B19: OBJETO DEL CONTRATO
B22: CONTRATISTA
B24: INTERVENTOR
B27: FECHA CIERRE DE LICITACIÓN Y/O SELECCIÓN ABREVIADA
B29: DATOS ESPECÍFICOS
B30: ITEM | C30: DESCRIPCIÓN | L30: UNIDAD | N30: CANTIDAD
A31: Unidad | B31: =+#REF! -> #REF! | C31: =+#REF! -> #REF! | L31: =+#REF! -> #REF!
B33: I. EQUIPO
B35: DESCRIPCIÓN | I35: TIPO | K35: TARIFA/HORA | L35: RENDIMIENTO | N35: Vr. UNITARIO
A36: C0010610 | B36: Motoniveladora potencia 215 HP, ancho de cuchilla 4,27 m, peso 18 ton. | K36: 174000 | M36: 15 | N36: =K36/M36 -> 11600
A37: C0010923 | B37: Vibrocompatador, potencia 153 HP, peso 10 Ton. | K37: 78488.784 | M37: 15 | N37: =K37/M37 -> 5232.5856
P40: M.O. calificada | Q40: M.O no calificada | R40: Materiales | S40: Servicios domiciliarios | T40: Terrenos | U40: Edificios | V40: Maquinaria y Equipo | W40: Mantenimiento maquinaria y equipo | X40: Transporte | Y40: suma
B41: HERRAMIENTA MENOR (%) | M41: 0.05 | N41: =N77*M41 -> #REF! | P41: =+$N$77*P42/$N$79 -> #REF! | Q41: =+$N$77*Q42/$N$79 -> #REF! | R41: =+N55/$N$79 -> #REF! | V41: =+N43/$N$79 -> #REF! | X41: =+N66/$N$79 -> #REF! | Y41: =+SUM(P41:X41) -> #REF!
P42: 0.33122223 | Q42: 0.66877777
B43: SUBTOTAL $ | N43: =SUM(N36:N42) -> #REF!
B45: II. MATERIALES
B47: DESCRIPCIÓN | J47: UNIDAD | K47: CANTIDAD | L47: PRECIO UNIT. | N47: Vr. UNITARIO
A48: B0014410 | B48: Material seleccionado para Relleno | J48: m3 | K48: 1.05 | M48: 18848.267 | N48: =K48*M48 -> 19790.68
A49: B0063200 | B49: Agua | J49: lt | K49: 30 | M49: 46.255123 | N49: =K49*M49 -> 1387.6537
B55: SUBTOTAL $ | N55: =SUM(N48:N54) -> 21178.334
B57: III. TRANSPORTES
B59: MATERIAL | H59: UNIDAD | I59: CANTIDAD (1) | J59: DISTANCIA (2) | K59: (1) * (2) | L59: TARIFA | N59: Vr. UNITARIO
A60: T0010062 | B60: Transporte de material seleccionado para relleno | H60: m3/km | I60: 1.05 | J60: 1 | K60: 1.05 | L60: 1250 | N60: =K60*L60 -> 1312.5
B66: SUBTOTAL $ | N66: =N60+N61+N62+N63+N64 -> 1312.5
B68: IV. MANO DE OBRA
B70: TRABAJADOR | I70: JORNAL | J70: PRESTACIONES (%) | K70: JORNAL TOTAL | L70: RENDIMIENTO | N70: Vr. UNITARIO
A71: A0040010 | B71: =+#REF! -> #REF! | K71: =+#REF! -> #REF! | M71: 0.036057507 | N71: =K71*M71 -> #REF!
A72: A0030030
B77: SUBTOTAL $ | N77: =SUM(N71:N76) -> #REF!
B79: TOTAL COSTO DIRECTO $ | N79: =N43+N55+N66+N77 -> #REF!
B81: V. COSTOS INDIRECTOS
B83: Descripción | K83: Porcentaje | L83: Valor Total
B84: ADMINISTRACION | K84: 0.2 | L84: =N79*K84 -> #REF!
B85: IMPREVISTOS | K85: 0.05 | L85: =N79*K85 -> #REF!
B86: UTILIDAD | K86: 0.05 | L86: =N79*K86 -> #REF!
B87: SUBTOTAL $ | N87: =L84+L85+L86 -> #REF!
A89: PFinal01 | B89: Precio Unitario Total Aproximado al Peso $ | N89: =N79+N87 -> #REF!
G93: Firma
G94: Nombre:
G95: Representante Legal del Contratista o su Apoderado
G96: Matricula No. :
B98: OBSERVACIONES INTERVENTORÍA
G102: Firma
G103: Nombre:
G104: Representante Legal del Interventor o su Apoderado
G105: Matricula No. :
B106: Original: Archivo de Gestión Contractual ( Subdirección Administrativa)
B107: Copias : Unidad Ejecutora, Contratista, Interventor y Dirección Territorial.

Sheet 4.20
D2: =+#REF! -> #REF!
D6: ANÁLISIS DE PRECIO UNITARIO
B8: CAPÍTULO 4: | D8: =+#REF! -> #REF!
B10: Ítem | C10: 4.20 | D10: =+#REF! -> #REF!
D11: Unidad | G11: =+#REF! -> #REF!
B13: MATERIALES | D13: UNIDAD | E13: CANTIDAD | F13: VR. UNITARIO | G13: VALOR TOTAL | I13: M.O. calificada | J13: M.O no calificada | K13: Materiales | L13: Servicios domiciliarios | M13: Terrenos | N13: Edificios | O13: Maquinaria y Equipo | P13: Mantenimiento maquinaria y equipo | Q13: Transporte | R13: suma
B14: 1 | C14: No aplica | G14: =+ROUND(E14*F14,0) -> 0 | I14: =+$G$30*I15/$G$31 -> #REF! | J14: =+$G$30*J15/$G$31 -> #REF! | K14: =+G15/$G$31 -> #REF! | O14: =+G20/$G$31 -> #REF! | Q14: =+G25/$G$31 -> #REF! | R14: =+SUM(I14:Q14) -> #REF!
E15: SUBTOTAL MATERIALES | G15: =SUM(G14:G14) -> 0 | I15: 0.59771422 | J15: 0.40228578
B17: EQUIPOS Y HERRAMIENTAS | D17: UNIDAD | E17: RENDIMIENTO | F17: VALOR UNITARIO | G17: VALOR TOTAL
B18: 1 | C18: Herramienta menor (% mano de obra) | D18: glb | E18: 0.1 | F18: =+G30*E18 -> #REF! | G18: =+ROUND(F18,0) -> #REF!
B19: 2 | C19: =+#REF! -> #REF! | D19: h | E19: 0.06 | F19: =+#REF! -> #REF! | G19: =+ROUND(E19*F19,0) -> #REF!
E20: SUBTOTAL EQUIPOS | G20: =SUM(G18:G19) -> #REF!
B22: TRANSPORTE | D22: UNIDAD (m³) | E22: DISTANCIA (km) | F22: VR. UN. ($/ m³*km) | G22: VALOR TOTAL
B23: 1 | C23: =+#REF! -> #REF! | D23: 1.1 | E23: 1 | F23: =+#REF! -> #REF! | G23: =+ROUND(F23*E23*D23,0) -> #REF!
B24: 2 | C24: =+#REF! -> #REF! | D24: 1.1 | F24: =+#REF! -> #REF! | G24: =+ROUND(F24*E24*D24,0) -> #REF!
E25: SUBTOTAL TRANSPORTE | G25: =SUM(G23+G24) -> #REF!
B27: MANO DE OBRA | D27: UNIDAD | E27: RENDIMIENTO | F27: VALOR / HORA | G27: VALOR TOTAL
B28: 1 | C28: =+#REF! -> #REF! | D28: h | E28: 0.15 | F28: =+#REF! -> #REF! | G28: =+ROUND(E28*F28,0) -> #REF!
B29: 2 | G29: =+ROUND(E29*F29,0) -> 0
E30: SUBTOTAL MANO DE OBRA | G30: =ROUND(SUM(G28:G29),0) -> #REF!
E31: COSTO DIRECTO | G31: =+ROUND(G30+G20+G25+G15,0) -> #REF!

Sheet 4.21
D2: =+#REF! -> #REF!
D6: ANÁLISIS DE PRECIO UNITARIO
B8: CAPÍTULO 4: | D8: =+#REF! -> #REF!
B10: Ítem | C10: =+#REF! -> #REF! | D10: =+#REF! -> #REF!
D11: Unidad | G11: =+#REF! -> #REF!
B12: MATERIALES | D12: UNIDAD | E12: CANTIDAD | F12: VALOR UNITARIO | G12: VALOR TOTAL
B13: 1 | C13: Agua | D13: l | E13: 10 | F13: =+#REF! -> #REF! | G13: =+ROUND(E13*F13,0) -> #REF! | I13: M.O. calificada | J13: M.O no calificada | K13: Materiales | L13: Servicios domiciliarios | M13: Terrenos | N13: Edificios | O13: Maquinaria y Equipo | P13: Mantenimiento maquinaria y equipo | Q13: Transporte | R13: suma
E14: SUBTOTAL MATERIALES | G14: =SUM(G13:G13) -> #REF! | I14: =+$G$28*I15/$G$29 -> #REF! | J14: =+$G$28*J15/$G$29 -> #REF! | K14: =+G14/$G$29 -> #REF! | O14: =+G20/$G$29 -> #REF! | Q14: =+G24/$G$29 -> #REF! | R14: =+SUM(I14:Q14) -> #REF!
I15: 0.59771422 | J15: 0.40228578
B16: EQUIPOS Y HERRAMIENTAS | D16: =+D12 -> UNIDAD | E16: CANTIDAD | F16: =+F12 -> VALOR UNITARIO | G16: =+G12 -> VALOR TOTAL
B17: 1 | C17: Herramienta menor (% mano de obra) | D17: glb | E17: 0.1 | F17: =+G28*E17 -> #REF! | G17: =+ROUND(F17,0) -> #REF!
B18: 2 | C18: Vibro compactador 8 Ton | D18: h | E18: 0.0089786756 | F18: =+#REF! -> #REF! | G18: =+ROUND(E18*F18,0) -> #REF!
B19: 3 | C19: Motoniveladora 120 Hp | D19: h | E19: 0.0089786756 | F19: =+#REF! -> #REF! | G19: =+ROUND(E19*F19,0) -> #REF!
E20: SUBTOTAL EQUIPOS | G20: =+SUM(G17:G19) -> #REF!
B22: TRANSPORTE | D22: UNIDAD | E22: DISTANCIA km | F22: VR. UN. ($/ m³*km) | G22: VALOR TOTAL
B23: 1 | C23: No aplica | G23: =+ROUND(E23*F23*D23,0) -> 0
E24: SUBTOTAL TRANSPORTE | G24: =SUM(G23) -> 0
B26: MANO DE OBRA | D26: =+D16 -> UNIDAD | E26: CANTIDAD | F26: =+#REF! -> #REF! | G26: =+G16 -> VALOR TOTAL
B27: 1 | C27: =+#REF! -> #REF! | D27: h | E27: 0.05 | F27: =+#REF! -> #REF! | G27: =+ROUND(E27*F27,0) -> #REF!
E28: SUBTOTAL MANO DE OBRA | G28: =G27 -> #REF!
E29: COSTO DIRECTO | G29: =ROUND(G14+G20+G28+G24,0) -> #REF!

Sheet 4.22
K1: CÓDIGO | L1: MINFRA-MN-FR-14
C2: INSTITUTO NACIONAL DE VIAS
C3: PROCESO MISIONAL INFRAESTRUCTURA VIAL | K3: VERSIÓN | L3: 1
C4: DIRECCION TECNICA
C5: ANALISIS DE PRECIOS UNITARIOS | K5: PÁGINA | L5: 1 | M5: DE | N5: 1
K9: FECHA | L9: DD | M9: MM | N9: AA
B11: UNIDAD EJECUTORA: | K11: DIRECCIÓN TERRITORIAL:
B18: CONTRATO No. | E18: DE
B19: OBJETO DEL CONTRATO
B22: CONTRATISTA
B24: INTERVENTOR
B27: FECHA CIERRE DE LICITACIÓN Y/O SELECCIÓN ABREVIADA
B29: DATOS ESPECÍFICOS
B30: ITEM | C30: DESCRIPCIÓN | L30: UNIDAD | N30: CANTIDAD
A31: Unidad | B31: 4.22 | C31: =+#REF! -> #REF! | L31: m3
B33: I. EQUIPO
B35: DESCRIPCIÓN | I35: TIPO | K35: TARIFA/HORA | L35: RENDIMIENTO | N35: Vr. UNITARIO
A36: C0010550 | B36: Mezcladora de concreto 1 bulto | K36: 6250 | M36: 1 | N36: =K36/M36 -> 6250
P40: M.O. calificada | Q40: M.O no calificada | R40: Materiales | S40: Servicios domiciliarios | T40: Terrenos | U40: Edificios | V40: Maquinaria y Equipo | W40: Mantenimiento maquinaria y equipo | X40: Transporte | Y40: suma
B41: HERRAMIENTA MENOR (%) | M41: 0.05 | N41: =N81*M41 -> #REF! | P41: =+$N$81*P42/$N$83 -> #REF! | Q41: =+$N$81*Q42/$N$83 -> #REF! | R41: =+N59/$N$83 -> #REF! | V41: =+N43/$N$83 -> #REF! | X41: =+N70/$N$83 -> #REF! | Y41: =+SUM(P41:X41) -> #REF!
P42: 0.15663369 | Q42: 0.84336631
B43: SUBTOTAL $ | N43: =SUM(N36:N42) -> #REF!
B45: II. MATERIALES
B47: DESCRIPCIÓN | J47: UNIDAD | K47: CANTIDAD | L47: PRECIO UNIT. | N47: Vr. UNITARIO
A48: B0053100 | B48: Agregado para concreto hidráulico | J48: m3 | K48: 0.84 | M48: 52545.26 | N48: =K48*M48 -> 44138.018
A49: B0063200 | B49: Agua | J49: lt | K49: 185 | M49: 46.255123 | N49: =K49*M49 -> 8557.1977
A50: B0093350 | B50: Arena lavada | J50: m3 | K50: 0.63 | M50: 29000 | N50: =K50*M50 -> 18270
A51: B0100001 | B51: Cemento gris | J51: kg | K51: 260 | M51: 580 | N51: =K51*M51 -> 150800
B59: SUBTOTAL $ | N59: =SUM(N48:N58) -> 221765.22
B61: III. TRANSPORTES
B63: MATERIAL | H63: UNIDAD | I63: CANTIDAD (1) | J63: DISTANCIA (2) | K63: (1) * (2) | L63: TARIFA | N63: Vr. UNITARIO
A64: T0010004 | B64: Transporte de arena | H64: m3k | I64: 0.63 | J64: 1 | K64: 0.63 | L64: 1250 | N64: =K64*L64 -> 787.5
A65: T0010042 | B65: Transporte de material triturado | H65: m3k | I65: 0.84 | J65: 1 | K65: 0.84 | L65: 1250 | N65: =K65*L65 -> 1050
B70: SUBTOTAL $ | N70: =N64+N65+N66+N67+N68 -> 1837.5
B72: IV. MANO DE OBRA
B74: TRABAJADOR | I74: JORNAL | J74: PRESTACIONES (%) | K74: JORNAL TOTAL | L74: RENDIMIENTO | N74: Vr. UNITARIO
A75: A0030080 | B75: =+#REF! -> #REF! | K75: =+#REF! -> #REF! | M75: 1.14 | N75: =K75*M75 -> #REF!
A76: A0040010
B81: SUBTOTAL $ | N81: =SUM(N75:N80) -> #REF!
B83: TOTAL COSTO DIRECTO $ | N83: =N43+N59+N70+N81 -> #REF!
B85: V. COSTOS INDIRECTOS
B87: Descripción | K87: Porcentaje | L87: Valor Total
B88: ADMINISTRACION | K88: 0.2 | L88: =N83*K88 -> #REF!
B89: IMPREVISTOS | K89: 0.05 | L89: =N83*K89 -> #REF!
B90: UTILIDAD | K90: 0.05 | L90: =N83*K90 -> #REF!
B91: SUBTOTAL $ | N91: =L88+L89+L90 -> #REF!
A93: PFinal01 | B93: Precio Unitario Total Aproximado al Peso $ | N93: =N83+N91 -> #REF!
G97: Firma
G98: Nombre:
G99: Representante Legal del Contratista o su Apoderado
G100: Matricula No. :
B102: OBSERVACIONES INTERVENTORÍA
G106: Firma
G107: Nombre:
G108: Representante Legal del Interventor o su Apoderado
G109: Matricula No. :
B110: Original: Archivo de Gestión Contractual ( Subdirección Administrativa)
B111: Copias : Unidad Ejecutora, Contratista, Interventor y Dirección Territorial.

Sheet 4.23
D2: =+#REF! -> #REF!
D6: ANÁLISIS DE PRECIO UNITARIO
B8: CAPÍTULO 4: | D8: =+#REF! -> #REF!
B10: Ítem | C10: =+#REF! -> #REF! | D10: =+#REF! -> #REF!
D11: Unidad | G11: =+#REF! -> #REF! | I11: M.O. calificada | J11: M.O no calificada | K11: Materiales | L11: Servicios domiciliarios | M11: Terrenos | N11: Edificios | O11: Maquinaria y Equipo | P11: Mantenimiento maquinaria y equipo | Q11: Transporte | R11: suma
B12: MATERIALES | D12: UNIDAD | E12: CANTIDAD | F12: VALOR UNITARIO | G12: VALOR TOTAL | I12: =+$G$28*I13/$G$29 -> #REF! | J12: =+$G$28*J13/$G$29 -> #REF! | K12: =+G15/$G$29 -> #REF! | O12: =+G19/$G$29 -> #REF! | Q12: =+G23/$G$29 -> #REF! | R12: =+SUM(I12:Q12) -> #REF!
B13: 1 | C13: Acero de 4200 kg/cm² | D13: kg | E13: 1.05 | F13: =+#REF! -> #REF! | G13: =+ROUND(E13*F13,0) -> #REF! | I13: 0.59771422 | J13: 0.40228578
B14: 2 | C14: Alambre negro | D14: kg | E14: 0.03 | F14: =+#REF! -> #REF! | G14: =+ROUND(E14*F14,0) -> #REF!
E15: SUBTOTAL MATERIALES | G15: =SUM(G13:G14) -> #REF!
B17: EQUIPOS Y HERRAMIENTAS | D17: =+D12 -> UNIDAD | E17: CANTIDAD | F17: =+F12 -> VALOR UNITARIO | G17: VALOR TOTAL
B18: 1 | C18: Herramienta menor (% mano de obra) | D18: glb | E18: 0.1 | F18: =+G28*E18 -> #REF! | G18: =+ROUND(F18,0) -> #REF!
E19: SUBTOTAL EQUIPOS | G19: =G18 -> #REF!
B21: TRANSPORTE | D21: UNIDAD | E21: DISTANCIA km | F21: VR. UN. ($/ m³*km) | G21: VALOR TOTAL
B22: 1 | C22: No aplica | F22: 0 | G22: =+ROUND(E22*F22*D22,0) -> 0
E23: SUBTOTAL TRANSPORTE | G23: =SUM(G22) -> 0
B25: MANO DE OBRA | D25: =+D17 -> UNIDAD | E25: CANTIDAD | F25: =+#REF! -> #REF! | G25: VALOR TOTAL
B26: 1 | C26: =+#REF! -> #REF! | D26: h | E26: 0.05 | F26: =+#REF! -> #REF! | G26: =+ROUND(E26*F26,0) -> #REF!
G27: =+ROUND(E27*F27,0) -> 0
E28: SUBTOTAL MANO DE OBRA | G28: =G26+G27 -> #REF!
E29: COSTO DIRECTO | G29: =ROUND(G15+G19+G28+G23,0) -> #REF!

Sheet 4.24
D2: =+#REF! -> #REF!
D6: ANÁLISIS DE PRECIO UNITARIO
B8: CAPÍTULO 4: | D8: =+#REF! -> #REF!
B10: Ítem | C10: =+#REF! -> #REF! | D10: =+#REF! -> #REF!
D11: Unidad | G11: =+#REF! -> #REF!
B12: MATERIALES | D12: UNIDAD | E12: CANTIDAD | F12: VALOR UNITARIO | G12: VALOR TOTAL
B13: 1 | C13: Concreto de 210 kg/cm² (3.000 psi) | D13: m³ | E13: 1.05 | F13: =+#REF! -> #REF! | G13: =+ROUND(E13*F13,0) -> #REF! | I13: M.O. calificada | J13: M.O no calificada | K13: Materiales | L13: Servicios domiciliarios | M13: Terrenos | N13: Edificios | O13: Maquinaria y Equipo | P13: Mantenimiento maquinaria y equipo | Q13: Transporte | R13: suma
B14: 2 | C14: Mortero 1:3 para dilataciones | D14: m | E14: =0.15*0.025*5.3 -> 0.019875 | F14: =+#REF! -> #REF! | G14: =+ROUND(E14*F14,0) -> #REF! | I14: =+$G$30*I15/$G$31 -> #REF! | J14: =+$G$30*J15/$G$31 -> #REF! | K14: =+G15/$G$31 -> #REF! | O14: =+G21/$G$31 -> #REF! | Q14: =+G25/$G$31 -> #REF! | R14: =+SUM(I14:Q14) -> #REF!
E15: SUBTOTAL MATERIALES | G15: =SUM(G13:G14) -> #REF! | I15: 0.59771422 | J15: 0.40228578
B17: EQUIPOS Y HERRAMIENTAS | D17: =+D12 -> UNIDAD | E17: CANTIDAD | F17: VALOR | G17: VALOR TOTAL
B18: 1 | C18: Herramienta menor (% mano de obra) | D18: glb | E18: 0.1 | F18: =+G30*E18 -> #REF! | G18: =+ROUND(F18,0) -> #REF!
B19: 2 | C19: =+#REF! -> #REF! | D19: m | E19: 4 | F19: =+#REF! -> #REF! | G19: =+ROUND(E19*F19,0) -> #REF!
B20: 3 | C20: =+#REF! -> #REF! | D20: h | E20: 1 | F20: =+#REF! -> #REF! | G20: =+ROUND(E20*F20,0) -> #REF!
E21: SUBTOTAL EQUIPOS | G21: =G19+G18+G20 -> #REF!
B23: TRANSPORTE | D23: UNIDAD | E23: DISTANCIA km | F23: VR. UN. ($/ m³*km) | G23: VALOR TOTAL
B24: 1 | C24: No aplica | G24: =+ROUND(E24*F24*D24,0) -> 0
E25: SUBTOTAL TRANSPORTE | G25: =SUM(G24) -> 0
B27: MANO DE OBRA | D27: =+D17 -> UNIDAD | E27: CANTIDAD | F27: =+#REF! -> #REF! | G27: VALOR TOTAL
B28: 1 | C28: =+#REF! -> #REF! | D28: h | E28: 0.5 | F28: =+#REF! -> #REF! | G28: =+ROUND(E28*F28,0) -> #REF!
G29: =+ROUND(E29*F29,0) -> 0
E30: SUBTOTAL MANO DE OBRA | G30: =G28+G29 -> #REF!
E31: COSTO DIRECTO | G31: =ROUND(G15+G21+G30+G25,0) -> #REF!

Sheet 4.25
K1: CÓDIGO | L1: MINFRA-MN-FR-14
C2: INSTITUTO NACIONAL DE VIAS
C3: PROCESO MISIONAL INFRAESTRUCTURA VIAL | K3: VERSIÓN | L3: 1
C4: DIRECCION TECNICA
C5: ANALISIS DE PRECIOS UNITARIOS | K5: PÁGINA | L5: 1 | M5: DE | N5: 1
K9: FECHA | L9: DD | M9: MM | N9: AA
B11: UNIDAD EJECUTORA: | K11: DIRECCIÓN TERRITORIAL:
B18: CONTRATO No. | E18: DE
B19: OBJETO DEL CONTRATO
B22: CONTRATISTA
B24: INTERVENTOR
B27: FECHA CIERRE DE LICITACIÓN Y/O SELECCIÓN ABREVIADA
B29: DATOS ESPECÍFICOS
B30: ITEM | C30: DESCRIPCIÓN | L30: UNIDAD | N30: CANTIDAD
A31: Unidad | B31: =+#REF! -> #REF! | C31: =+#REF! -> #REF! | L31: m2
B33: I. EQUIPO
B35: DESCRIPCIÓN | I35: TIPO | K35: TARIFA/HORA | L35: RENDIMIENTO | N35: Vr. UNITARIO
P40: M.O. calificada | Q40: M.O no calificada | R40: Materiales | S40: Servicios domiciliarios | T40: Terrenos | U40: Edificios | V40: Maquinaria y Equipo | W40: Mantenimiento maquinaria y equipo | X40: Transporte | Y40: suma
P41: =+$N$77*P42/$N$79 -> #REF! | Q41: =+$N$77*Q42/$N$79 -> #REF! | R41: =+N55/$N$79 -> #REF! | V41: =+N43/$N$79 -> #REF! | X41: =+N66/$N$79 -> #REF! | Y41: =+SUM(P41:X41) -> #REF!
P42: 0.27084407 | Q42: 0.72915593
B43: SUBTOTAL $
B45: II. MATERIALES
B47: DESCRIPCIÓN | J47: UNIDAD | K47: CANTIDAD | L47: PRECIO UNIT. | N47: Vr. UNITARIO
A48: B025101 | B48: Geotextil Fortex BX-40 | J48: M2 | K48: 1.3 | M48: 4453 | N48: =K48*M48 -> 5788.9
B55: SUBTOTAL $ | N55: =SUM(N48:N54) -> 5788.9
B57: III. TRANSPORTES
B59: MATERIAL | H59: UNIDAD | I59: CANTIDAD (1) | J59: DISTANCIA (2) | K59: (1) * (2) | L59: TARIFA | N59: Vr. UNITARIO
B66: SUBTOTAL $
B68: IV. MANO DE OBRA
B70: TRABAJADOR | I70: JORNAL | J70: PRESTACIONES (%) | K70: JORNAL TOTAL | L70: RENDIMIENTO | N70: Vr. UNITARIO
A71: A0030040 | B71: =+#REF! -> #REF! | K71: =+#REF! -> #REF! | M71: =0.005/0.185 -> 0.027027027 | N71: =K71*M71 -> #REF!
A72: A0040010
B77: SUBTOTAL $ | N77: =SUM(N71:N76) -> #REF!
B79: TOTAL COSTO DIRECTO $ | N79: =N43+N55+N66+N77 -> #REF!
B81: V. COSTOS INDIRECTOS
B83: Descripción | K83: Porcentaje | L83: Valor Total
B84: ADMINISTRACION | K84: 0.2 | L84: =N79*K84 -> #REF!
B85: IMPREVISTOS | K85: 0.05 | L85: =N79*K85 -> #REF!
B86: UTILIDAD | K86: 0.05 | L86: =N79*K86 -> #REF!
B87: SUBTOTAL $ | N87: =L84+L85+L86 -> #REF!
A89: PFinal01 | B89: Precio Unitario Total Aproximado al Peso $ | N89: =N79+N87 -> #REF!
G93: Firma
G94: Nombre:
G95: Representante Legal del Contratista o su Apoderado
G96: Matricula No. :
B98: OBSERVACIONES INTERVENTORÍA
G102: Firma
G103: Nombre:
G104: Representante Legal del Interventor o su Apoderado
G105: Matricula No. :
B106: Original: Archivo de Gestión Contractual ( Subdirección Administrativa)
B107: Copias : Unidad Ejecutora, Contratista, Interventor y Dirección Territorial.

Sheet 4.26
D2: =+#REF! -> #REF!
D6: ANÁLISIS DE PRECIO UNITARIO
B8: CAPÍTULO 4: | D8: =+#REF! -> #REF!
B10: Ítem | C10: =+#REF! -> #REF! | D10: =+#REF! -> #REF!
D11: Unidad | G11: =+#REF! -> #REF!
B12: MATERIALES | D12: UNIDAD | E12: CANTIDAD | F12: VALOR UNITARIO | G12: VALOR TOTAL
B13: 1 | C13: Soldadura PVC wet bonding 1/8 galón | D13: un | E13: 0.3 | F13: =+#REF! -> #REF! | G13: =ROUND(F13*E13,0) -> #REF! | I13: M.O. calificada | J13: M.O no calificada | K13: Materiales | L13: Servicios domiciliarios | M13: Terrenos | N13: Edificios | O13: Maquinaria y Equipo | P13: Mantenimiento maquinaria y equipo | Q13: Transporte | R13: suma
B14: 2 | C14: Limpiador PVC x 1/4 de galón | D14: =+D13 -> un | E14: 0.0066312299 | F14: =+#REF! -> #REF! | G14: =ROUND(F14*E14,0) -> #REF! | I14: =+$G$28*I15/$G$29 -> #REF! | J14: =+$G$28*J15/$G$29 -> #REF! | K14: =+G16/$G$29 -> #REF! | O14: =+G20/$G$29 -> #REF! | Q14: =+G24/$G$29 -> #REF! | R14: =+SUM(I14:Q14) -> #REF!
B15: 3 | C15: Tubería PVC Alcantarillado 4" | D15: m | E15: 1.04 | F15: 12900 | G15: =ROUND(F15*E15,0) -> 13416 | I15: 0.59771422 | J15: 0.40228578
E16: SUBTOTAL MATERIALES | G16: =+SUM(G13:G15) -> #REF!
B18: EQUIPOS Y HERRAMIENTAS | D18: UNIDAD | E18: =+E12 -> CANTIDAD | F18: VALOR UNITARIO | G18: VALOR TOTAL
B19: 1 | C19: Herramienta menor (% mano de obra) | D19: glb | E19: 0.1 | F19: =+G28*E19 -> #REF! | G19: =+ROUND(F19,0) -> #REF!
E20: SUBTOTAL EQUIPOS | G20: =+G19 -> #REF!
B22: TRANSPORTE | D22: UNIDAD | E22: DISTANCIA km | F22: VR. UN. ($/ m³*km) | G22: VALOR TOTAL
C23: No aplica | G23: =+ROUND(E23*F23*D23,0) -> 0
E24: SUBTOTAL TRANSPORTE | G24: 0
B26: MANO DE OBRA | D26: =+D22 -> UNIDAD | E26: =+E18 -> CANTIDAD | F26: =+#REF! -> #REF! | G26: VALOR TOTAL
B27: 1 | C27: =+#REF! -> #REF! | D27: h | E27: 0.4 | F27: =+#REF! -> #REF! | G27: =ROUND(F27*E27,0) -> #REF!
E28: SUBTOTAL MANO DE OBRA | G28: =+G27 -> #REF!
E29: COSTO DIRECTO | G29: =G16+G20+G28+G24 -> #REF!

Sheet 4.27
K1: CÓDIGO | L1: MINFRA-MN-FR-14
C2: INSTITUTO NACIONAL DE VIAS
C3: PROCESO MISIONAL INFRAESTRUCTURA VIAL | K3: VERSIÓN | L3: 1
C4: DIRECCION TECNICA
C5: ANALISIS DE PRECIOS UNITARIOS | K5: PÁGINA | L5: 1 | M5: DE | N5: 1
K9: FECHA | L9: DD | M9: MM | N9: AA
B11: UNIDAD EJECUTORA: | K11: DIRECCIÓN TERRITORIAL:
B18: CONTRATO No. | E18: DE
B19: OBJETO DEL CONTRATO
B22: CONTRATISTA
B24: INTERVENTOR
B27: FECHA CIERRE DE LICITACIÓN Y/O SELECCIÓN ABREVIADA
B29: DATOS ESPECÍFICOS
B30: ITEM | C30: DESCRIPCIÓN | L30: UNIDAD | N30: CANTIDAD
A31: Unidad | B31: =+#REF! -> #REF! | C31: =+#REF! -> #REF! | L31: m3
B33: I. EQUIPO
B35: DESCRIPCIÓN | I35: TIPO | K35: TARIFA/HORA | L35: RENDIMIENTO | N35: Vr. UNITARIO
A36: C0010610 | B36: Motoniveladora potencia 215 HP, ancho de cuchilla 4,27 m, peso 18 ton. | K36: 174000 | M36: 15 | N36: =K36/M36 -> 11600
A37: C0010923 | B37: Vibrocompatador, potencia 153 HP, peso 10 Ton. | K37: 78488.784 | M37: 15 | N37: =K37/M37 -> 5232.5856
P40: M.O. calificada | Q40: M.O no calificada | R40: Materiales | S40: Servicios domiciliarios | T40: Terrenos | U40: Edificios | V40: Maquinaria y Equipo | W40: Mantenimiento maquinaria y equipo | X40: Transporte | Y40: suma
B41: HERRAMIENTA MENOR (%) | M41: 0.05 | N41: =N77*M41 -> #REF! | P41: =+$N$77*P42/$N$79 -> #REF! | Q41: =+$N$77*Q42/$N$79 -> #REF! | R41: =+N55/$N$79 -> #REF! | V41: =+N43/$N$79 -> #REF! | X41: =+N66/$N$79 -> #REF! | Y41: =+SUM(P41:X41) -> #REF!
P42: 0.33122223 | Q42: 0.66877777
B43: SUBTOTAL $ | N43: =SUM(N36:N42) -> #REF!
B45: II. MATERIALES
B47: DESCRIPCIÓN | J47: UNIDAD | K47: CANTIDAD | L47: PRECIO UNIT. | N47: Vr. UNITARIO
A48: B0014410 | B48: Material seleccionado para Relleno | J48: m3 | K48: 1.05 | M48: 18848.267 | N48: =K48*M48 -> 19790.68
A49: B0063200 | B49: Agua | J49: lt | K49: 30 | M49: 46.255123 | N49: =K49*M49 -> 1387.6537
B55: SUBTOTAL $ | N55: =SUM(N48:N54) -> 21178.334
B57: III. TRANSPORTES
B59: MATERIAL | H59: UNIDAD | I59: CANTIDAD (1) | J59: DISTANCIA (2) | K59: (1) * (2) | L59: TARIFA | N59: Vr. UNITARIO
A60: T0010062 | B60: Transporte de material seleccionado para relleno | H60: m3/km | I60: 1.05 | J60: 1 | K60: 1.05 | L60: 1250 | N60: =K60*L60 -> 1312.5
B66: SUBTOTAL $ | N66: =N60+N61+N62+N63+N64 -> 1312.5
B68: IV. MANO DE OBRA
B70: TRABAJADOR | I70: JORNAL | J70: PRESTACIONES (%) | K70: JORNAL TOTAL | L70: RENDIMIENTO | N70: Vr. UNITARIO
A71: A0040010 | B71: =+#REF! -> #REF! | K71: =+#REF! -> #REF! | M71: 0.03608 | N71: =K71*M71 -> #REF!
A72: A0030030
B77: SUBTOTAL $ | N77: =SUM(N71:N76) -> #REF!
B79: TOTAL COSTO DIRECTO $ | N79: =N43+N55+N66+N77 -> #REF!
B81: V. COSTOS INDIRECTOS
B83: Descripción | K83: Porcentaje | L83: Valor Total
B84: ADMINISTRACION | K84: 0.2 | L84: =N79*K84 -> #REF!
B85: IMPREVISTOS | K85: 0.05 | L85: =N79*K85 -> #REF!
B86: UTILIDAD | K86: 0.05 | L86: =N79*K86 -> #REF!
B87: SUBTOTAL $ | N87: =L84+L85+L86 -> #REF!
A89: PFinal01 | B89: Precio Unitario Total Aproximado al Peso $ | N89: =N79+N87 -> #REF!
G93: Firma
G94: Nombre:
G95: Representante Legal del Contratista o su Apoderado
G96: Matricula No. :
B98: OBSERVACIONES INTERVENTORÍA
G102: Firma
G103: Nombre:
G104: Representante Legal del Interventor o su Apoderado
G105: Matricula No. :
B106: Original: Archivo de Gestión Contractual ( Subdirección Administrativa)
B107: Copias : Unidad Ejecutora, Contratista, Interventor y Dirección Territorial.

Sheet 4.28
K1: CÓDIGO | L1: MINFRA-MN-FR-14
C2: INSTITUTO NACIONAL DE VIAS
C3: PROCESO MISIONAL INFRAESTRUCTURA VIAL | K3: VERSIÓN | L3: 1
C4: DIRECCION TECNICA
C5: ANALISIS DE PRECIOS UNITARIOS | K5: PÁGINA | L5: 1 | M5: DE | N5: 1
K9: FECHA | L9: DD | M9: MM | N9: AA
B11: UNIDAD EJECUTORA: | K11: DIRECCIÓN TERRITORIAL:
B18: CONTRATO No. | E18: DE
B19: OBJETO DEL CONTRATO
B22: CONTRATISTA
B24: INTERVENTOR
B27: FECHA CIERRE DE LICITACIÓN Y/O SELECCIÓN ABREVIADA
B29: DATOS ESPECÍFICOS
B30: ITEM | C30: DESCRIPCIÓN | L30: UNIDAD | N30: CANTIDAD
A31: Unidad | B31: =+#REF! -> #REF! | C31: =+#REF! -> #REF! | L31: m3
B33: I. EQUIPO
B35: DESCRIPCIÓN | I35: TIPO | K35: TARIFA/HORA | L35: RENDIMIENTO | N35: Vr. UNITARIO
A36: C0010610 | B36: Motoniveladora potencia 215 HP, ancho de cuchilla 4,27 m, peso 18 ton. | K36: 174000 | M36: 15 | N36: =K36/M36 -> 11600
A37: C0010923 | B37: Vibrocompatador, potencia 153 HP, peso 10 Ton. | K37: 78488.784 | M37: 15 | N37: =K37/M37 -> 5232.5856
P40: M.O. calificada | Q40: M.O no calificada | R40: Materiales | S40: Servicios domiciliarios | T40: Terrenos | U40: Edificios | V40: Maquinaria y Equipo | W40: Mantenimiento maquinaria y equipo | X40: Transporte | Y40: suma
B41: HERRAMIENTA MENOR (%) | M41: 0.05 | N41: =N77*M41 -> #REF! | P41: =+$N$77*P42/$N$79 -> #REF! | Q41: =+$N$77*Q42/$N$79 -> #REF! | R41: =+N55/$N$79 -> #REF! | V41: =+N43/$N$79 -> #REF! | X41: =+N66/$N$79 -> #REF! | Y41: =+SUM(P41:X41) -> #REF!
P42: 0.33122223 | Q42: 0.66877777
B43: SUBTOTAL $ | N43: =SUM(N36:N42) -> #REF!
B45: II. MATERIALES
B47: DESCRIPCIÓN | J47: UNIDAD | K47: CANTIDAD | L47: PRECIO UNIT. | N47: Vr. UNITARIO
A48: B0014410 | B48: Material seleccionado para Relleno | J48: m3 | K48: 1.05 | M48: 18848.267 | N48: =K48*M48 -> 19790.68
A49: B0063200 | B49: Agua | J49: lt | K49: 30 | M49: 46.255123 | N49: =K49*M49 -> 1387.6537
B55: SUBTOTAL $ | N55: =SUM(N48:N54) -> 21178.334
B57: III. TRANSPORTES
B59: MATERIAL | H59: UNIDAD | I59: CANTIDAD (1) | J59: DISTANCIA (2) | K59: (1) * (2) | L59: TARIFA | N59: Vr. UNITARIO
A60: T0010062 | B60: Transporte de material seleccionado para relleno | H60: m3/km | I60: 1.05 | J60: 1 | K60: 1.05 | L60: 1250 | N60: =K60*L60 -> 1312.5
B66: SUBTOTAL $ | N66: =N60+N61+N62+N63+N64 -> 1312.5
B68: IV. MANO DE OBRA
B70: TRABAJADOR | I70: JORNAL | J70: PRESTACIONES (%) | K70: JORNAL TOTAL | L70: RENDIMIENTO | N70: Vr. UNITARIO
A71: A0040010 | B71: =+#REF! -> #REF! | K71: =+#REF! -> #REF! | M71: 0.03608 | N71: =K71*M71 -> #REF!
A72: A0030030
B77: SUBTOTAL $ | N77: =SUM(N71:N76) -> #REF!
B79: TOTAL COSTO DIRECTO $ | N79: =N43+N55+N66+N77 -> #REF!
B81: V. COSTOS INDIRECTOS
B83: Descripción | K83: Porcentaje | L83: Valor Total
B84: ADMINISTRACION | K84: 0.2 | L84: =N79*K84 -> #REF!
B85: IMPREVISTOS | K85: 0.05 | L85: =N79*K85 -> #REF!
B86: UTILIDAD | K86: 0.05 | L86: =N79*K86 -> #REF!
B87: SUBTOTAL $ | N87: =L84+L85+L86 -> #REF!
A89: PFinal01 | B89: Precio Unitario Total Aproximado al Peso $ | N89: =N79+N87 -> #REF!
G93: Firma
G94: Nombre:
G95: Representante Legal del Contratista o su Apoderado
G96: Matricula No. :
B98: OBSERVACIONES INTERVENTORÍA
G102: Firma
G103: Nombre:
G104: Representante Legal del Interventor o su Apoderado
G105: Matricula No. :
B106: Original: Archivo de Gestión Contractual ( Subdirección Administrativa)
B107: Copias : Unidad Ejecutora, Contratista, Interventor y Dirección Territorial.

Sheet 4.29
D2: =+#REF! -> #REF!
D6: ANÁLISIS DE PRECIO UNITARIO
B8: CAPÍTULO 4: | D8: =+#REF! -> #REF!
B10: Ítem | C10: 4.29 | D10: =+#REF! -> #REF!
D11: Unidad | G11: =+#REF! -> #REF!
B13: MATERIALES | D13: UNIDAD | E13: CANTIDAD | F13: VR. UNITARIO | G13: VALOR TOTAL
B14: 1 | C14: No aplica | G14: =+ROUND(E14*F14,0) -> 0 | H14: M.O. calificada | I14: M.O no calificada | J14: Materiales | K14: Servicios domiciliarios | L14: Terrenos | M14: Edificios | N14: Maquinaria y Equipo | O14: Mantenimiento maquinaria y equipo | P14: Transporte | Q14: suma
E15: SUBTOTAL MATERIALES | G15: =SUM(G14:G14) -> 0 | H15: =+$G$30*H16/$G$31 -> #REF! | I15: =+$G$30*I16/$G$31 -> #REF! | J15: =+G15/$G$31 -> #REF! | N15: =+G20/$G$31 -> #REF! | P15: =+G25/$G$31 -> #REF! | Q15: =+SUM(H15:P15) -> #REF!
H16: 0.59771422 | I16: 0.40228578
B17: EQUIPOS Y HERRAMIENTAS | D17: UNIDAD | E17: RENDIMIENTO | F17: VALOR UNITARIO | G17: VALOR TOTAL
B18: 1 | C18: Herramienta menor (% mano de obra) | D18: glb | E18: 0.1 | F18: =+G30*E18 -> #REF! | G18: =+ROUND(F18,0) -> #REF!
B19: 2 | C19: =+#REF! -> #REF! | D19: h | E19: 0.06 | F19: =+#REF! -> #REF! | G19: =+ROUND(E19*F19,0) -> #REF!
E20: SUBTOTAL EQUIPOS | G20: =SUM(G18:G19) -> #REF!
B22: TRANSPORTE | D22: UNIDAD (m³) | E22: DISTANCIA (km) | F22: VR. UN. ($/ m³*km) | G22: VALOR TOTAL
B23: 1 | C23: =+#REF! -> #REF! | D23: 1.1 | E23: 1 | F23: =+#REF! -> #REF! | G23: =+ROUND(F23*E23*D23,0) -> #REF!
B24: 2 | C24: =+#REF! -> #REF! | D24: 1.1 | F24: =+#REF! -> #REF! | G24: =+ROUND(F24*E24*D24,0) -> #REF!
E25: SUBTOTAL TRANSPORTE | G25: =SUM(G23+G24) -> #REF!
B27: MANO DE OBRA | D27: UNIDAD | E27: RENDIMIENTO | F27: VALOR / HORA | G27: VALOR TOTAL
B28: 1 | C28: =+#REF! -> #REF! | D28: h | E28: 0.15 | F28: =+#REF! -> #REF! | G28: =+ROUND(E28*F28,0) -> #REF!
B29: 2 | G29: =+ROUND(E29*F29,0) -> 0
E30: SUBTOTAL MANO DE OBRA | G30: =ROUND(SUM(G28:G29),0) -> #REF!
E31: COSTO DIRECTO | G31: =+ROUND(G30+G20+G25+G15,0) -> #REF!

Sheet 4.30
D2: =+#REF! -> #REF!
D6: ANÁLISIS DE PRECIO UNITARIO
B8: CAPÍTULO 4: | D8: =+#REF! -> #REF!
B10: Ítem | C10: =+#REF! -> #REF! | D10: =+#REF! -> #REF!
D11: Unidad | G11: =+#REF! -> #REF!
B12: MATERIALES | D12: UNIDAD | E12: CANTIDAD | F12: VALOR UNITARIO | G12: VALOR TOTAL | I12: M.O. calificada | J12: M.O no calificada | K12: Materiales | L12: Servicios domiciliarios | M12: Terrenos | N12: Edificios | O12: Maquinaria y Equipo | P12: Mantenimiento maquinaria y equipo | Q12: Transporte | R12: suma
B13: 1 | C13: Agua | D13: l | E13: 10 | F13: =+#REF! -> #REF! | G13: =+ROUND(E13*F13,0) -> #REF! | I13: =+$G$28*I14/$G$29 -> #REF! | J13: =+$G$28*J14/$G$29 -> #REF! | K13: =+G14/$G$29 -> #REF! | O13: =+G20/$G$29 -> #REF! | Q13: =+G24/$G$29 -> #REF! | R13: =+SUM(I13:Q13) -> #REF!
E14: SUBTOTAL MATERIALES | G14: =SUM(G13:G13) -> #REF! | I14: 0.59771422 | J14: 0.40228578
B16: EQUIPOS Y HERRAMIENTAS | D16: =+D12 -> UNIDAD | E16: CANTIDAD | F16: =+F12 -> VALOR UNITARIO | G16: =+G12 -> VALOR TOTAL
B17: 1 | C17: Herramienta menor (% mano de obra) | D17: glb | E17: 0.1 | F17: =+G28*E17 -> #REF! | G17: =+ROUND(F17,0) -> #REF!
B18: 2 | C18: Vibro compactador 8 Ton | D18: h | E18: 0.0089786756 | F18: =+#REF! -> #REF! | G18: =+ROUND(E18*F18,0) -> #REF!
B19: 3 | C19: Motoniveladora 120 Hp | D19: h | E19: 0.0089786756 | F19: =+#REF! -> #REF! | G19: =+ROUND(E19*F19,0) -> #REF!
E20: SUBTOTAL EQUIPOS | G20: =+SUM(G17:G19) -> #REF!
B22: TRANSPORTE | D22: UNIDAD | E22: DISTANCIA km | F22: VR. UN. ($/ m³*km) | G22: VALOR TOTAL
B23: 1 | C23: No aplica | G23: =+ROUND(E23*F23*D23,0) -> 0
E24: SUBTOTAL TRANSPORTE | G24: =SUM(G23) -> 0
B26: MANO DE OBRA | D26: =+D16 -> UNIDAD | E26: CANTIDAD | F26: =+#REF! -> #REF! | G26: =+G16 -> VALOR TOTAL
B27: 1 | C27: =+#REF! -> #REF! | D27: h | E27: 0.05 | F27: =+#REF! -> #REF! | G27: =+ROUND(E27*F27,0) -> #REF!
E28: SUBTOTAL MANO DE OBRA | G28: =G27 -> #REF!
E29: COSTO DIRECTO | G29: =ROUND(G14+G20+G28+G24,0) -> #REF!

Sheet 4.32
K1: CÓDIGO | L1: MINFRA-MN-FR-14
C2: INSTITUTO NACIONAL DE VIAS
C3: PROCESO MISIONAL INFRAESTRUCTURA VIAL | K3: VERSIÓN | L3: 1
C4: DIRECCION TECNICA
C5: ANALISIS DE PRECIOS UNITARIOS | K5: PÁGINA | L5: 1 | M5: DE | N5: 1
K9: FECHA | L9: DD | M9: MM | N9: AA
B11: UNIDAD EJECUTORA: | K11: DIRECCIÓN TERRITORIAL:
B18: CONTRATO No. | E18: DE
B19: OBJETO DEL CONTRATO
B22: CONTRATISTA
B24: INTERVENTOR
B27: FECHA CIERRE DE LICITACIÓN Y/O SELECCIÓN ABREVIADA
B29: DATOS ESPECÍFICOS
B30: ITEM | C30: DESCRIPCIÓN | L30: UNIDAD | N30: CANTIDAD
A31: Unidad | B31: =+#REF! -> #REF! | C31: =+#REF! -> #REF! | L31: m2
B33: I. EQUIPO
B35: DESCRIPCIÓN | I35: TIPO | K35: TARIFA/HORA | L35: RENDIMIENTO | N35: Vr. UNITARIO
P40: M.O. calificada | Q40: M.O no calificada | R40: Materiales | S40: Servicios domiciliarios | T40: Terrenos | U40: Edificios | V40: Maquinaria y Equipo | W40: Mantenimiento maquinaria y equipo | X40: Transporte | Y40: suma
P41: =+$N$77*P42/$N$79 -> #REF! | Q41: =+$N$77*Q42/$N$79 -> #REF! | R41: =+N55/$N$79 -> #REF! | V41: =+N43/$N$79 -> #REF! | X41: =+N66/$N$79 -> #REF! | Y41: =+SUM(P41:X41) -> #REF!
P42: 0.27084407 | Q42: 0.72915593
B43: SUBTOTAL $
B45: II. MATERIALES
B47: DESCRIPCIÓN | J47: UNIDAD | K47: CANTIDAD | L47: PRECIO UNIT. | N47: Vr. UNITARIO
A48: B025101 | B48: Geotextil Fortex BX-40 | J48: M2 | K48: 1.3 | M48: 4453 | N48: =K48*M48 -> 5788.9
B55: SUBTOTAL $ | N55: =SUM(N48:N54) -> 5788.9
B57: III. TRANSPORTES
B59: MATERIAL | H59: UNIDAD | I59: CANTIDAD (1) | J59: DISTANCIA (2) | K59: (1) * (2) | L59: TARIFA | N59: Vr. UNITARIO
B66: SUBTOTAL $
B68: IV. MANO DE OBRA
B70: TRABAJADOR | I70: JORNAL | J70: PRESTACIONES (%) | K70: JORNAL TOTAL | L70: RENDIMIENTO | N70: Vr. UNITARIO
A71: A0030040 | B71: =+#REF! -> #REF! | K71: =+#REF! -> #REF! | M71: =0.005/0.185 -> 0.027027027 | N71: =K71*M71 -> #REF!
A72: A0040010
B77: SUBTOTAL $ | N77: =SUM(N71:N76) -> #REF!
B79: TOTAL COSTO DIRECTO $ | N79: =N43+N55+N66+N77 -> #REF!
B81: V. COSTOS INDIRECTOS
B83: Descripción | K83: Porcentaje | L83: Valor Total
B84: ADMINISTRACION | K84: 0.2 | L84: =N79*K84 -> #REF!
B85: IMPREVISTOS | K85: 0.05 | L85: =N79*K85 -> #REF!
B86: UTILIDAD | K86: 0.05 | L86: =N79*K86 -> #REF!
B87: SUBTOTAL $ | N87: =L84+L85+L86 -> #REF!
A89: PFinal01 | B89: Precio Unitario Total Aproximado al Peso $ | N89: =N79+N87 -> #REF!
G93: Firma
G94: Nombre:
G95: Representante Legal del Contratista o su Apoderado
G96: Matricula No. :
B98: OBSERVACIONES INTERVENTORÍA
G102: Firma
G103: Nombre:
G104: Representante Legal del Interventor o su Apoderado
G105: Matricula No. :
B106: Original: Archivo de Gestión Contractual ( Subdirección Administrativa)
B107: Copias : Unidad Ejecutora, Contratista, Interventor y Dirección Territorial.

Sheet 4.33
D2: =+#REF! -> #REF!
D6: ANÁLISIS DE PRECIO UNITARIO
B8: CAPÍTULO 4: | D8: =+#REF! -> #REF!
B10: Ítem | C10: =+#REF! -> #REF! | D10: =+#REF! -> #REF!
D11: Unidad | G11: =+#REF! -> #REF!
B13: MATERIALES | D13: UNIDAD | E13: CANTIDAD | F13: VR. UNITARIO | G13: VALOR TOTAL
B14: 1 | C14: No aplica | G14: =+ROUND(E14*F14,0) -> 0 | I14: M.O. calificada | J14: M.O no calificada | K14: Materiales | L14: Servicios domiciliarios | M14: Terrenos | N14: Edificios | O14: Maquinaria y Equipo | P14: Mantenimiento maquinaria y equipo | Q14: Transporte | R14: suma
E15: SUBTOTAL MATERIALES | G15: =SUM(G14:G14) -> 0 | I15: =+$G$30*I16/$G$31 -> #REF! | J15: =+$G$30*J16/$G$31 -> #REF! | K15: =+G15/$G$31 -> #REF! | O15: =+G20/$G$31 -> #REF! | Q15: =+G25/$G$31 -> #REF! | R15: =+SUM(I15:Q15) -> #REF!
I16: 0.59771422 | J16: 0.40228578
B17: EQUIPOS Y HERRAMIENTAS | D17: UNIDAD | E17: RENDIMIENTO | F17: VALOR UNITARIO | G17: VALOR TOTAL
B18: 1 | C18: Herramienta menor (% mano de obra) | D18: glb | E18: 0.1 | F18: =+G30*E18 -> #REF! | G18: =+ROUND(F18,0) -> #REF!
B19: 2 | C19: =+#REF! -> #REF! | D19: h | E19: 0.06 | F19: =+#REF! -> #REF! | G19: =+ROUND(E19*F19,0) -> #REF!
E20: SUBTOTAL EQUIPOS | G20: =SUM(G18:G19) -> #REF!
B22: TRANSPORTE | D22: UNIDAD (m³) | E22: DISTANCIA (km) | F22: VR. UN. ($/ m³*km) | G22: VALOR TOTAL
B23: 1 | C23: =+#REF! -> #REF! | D23: 1.1 | E23: 1 | F23: =+#REF! -> #REF! | G23: =+ROUND(F23*E23*D23,0) -> #REF!
B24: 2 | C24: =+#REF! -> #REF! | D24: 1.1 | F24: =+#REF! -> #REF! | G24: =+ROUND(F24*E24*D24,0) -> #REF!
E25: SUBTOTAL TRANSPORTE | G25: =SUM(G23+G24) -> #REF!
B27: MANO DE OBRA | D27: UNIDAD | E27: RENDIMIENTO | F27: VALOR / HORA | G27: VALOR TOTAL
B28: 1 | C28: =+#REF! -> #REF! | D28: h | E28: 0.15 | F28: =+#REF! -> #REF! | G28: =+ROUND(E28*F28,0) -> #REF!
B29: 2 | G29: =+ROUND(E29*F29,0) -> 0
E30: SUBTOTAL MANO DE OBRA | G30: =ROUND(SUM(G28:G29),0) -> #REF!
E31: COSTO DIRECTO | G31: =+ROUND(G30+G20+G25+G15,0) -> #REF!

Sheet 4.34
D2: =+#REF! -> #REF!
D6: ANÁLISIS DE PRECIO UNITARIO
B8: CAPÍTULO 4: | D8: =+#REF! -> #REF!
B10: Ítem | C10: =+#REF! -> #REF! | D10: =+#REF! -> #REF!
D11: Unidad | G11: =+#REF! -> #REF!
B12: MATERIALES | D12: UNIDAD | E12: CANTIDAD | F12: VALOR UNITARIO | G12: VALOR TOTAL
B13: 1 | C13: Agua | D13: l | E13: 10 | F13: =+#REF! -> #REF! | G13: =+ROUND(E13*F13,0) -> #REF! | I13: M.O. calificada | J13: M.O no calificada | K13: Materiales | L13: Servicios domiciliarios | M13: Terrenos | N13: Edificios | O13: Maquinaria y Equipo | P13: Mantenimiento maquinaria y equipo | Q13: Transporte | R13: suma
E14: SUBTOTAL MATERIALES | G14: =SUM(G13:G13) -> #REF! | I14: =+$G$28*I15/$G$29 -> #REF! | J14: =+$G$28*J15/$G$29 -> #REF! | K14: =+G14/$G$29 -> #REF! | O14: =+G20/$G$29 -> #REF! | Q14: =+G24/$G$29 -> #REF! | R14: =+SUM(I14:Q14) -> #REF!
I15: 0.59771422 | J15: 0.40228578
B16: EQUIPOS Y HERRAMIENTAS | D16: =+D12 -> UNIDAD | E16: CANTIDAD | F16: =+F12 -> VALOR UNITARIO | G16: =+G12 -> VALOR TOTAL
B17: 1 | C17: Herramienta menor (% mano de obra) | D17: glb | E17: 0.1 | F17: =+G28*E17 -> #REF! | G17: =+ROUND(F17,0) -> #REF!
B18: 2 | C18: Vibro compactador 8 Ton | D18: h | E18: 0.0089786756 | F18: =+#REF! -> #REF! | G18: =+ROUND(E18*F18,0) -> #REF!
B19: 3 | C19: Motoniveladora 120 Hp | D19: h | E19: 0.0089786756 | F19: =+#REF! -> #REF! | G19: =+ROUND(E19*F19,0) -> #REF!
E20: SUBTOTAL EQUIPOS | G20: =+SUM(G17:G19) -> #REF!
B22: TRANSPORTE | D22: UNIDAD | E22: DISTANCIA km | F22: VR. UN. ($/ m³*km) | G22: VALOR TOTAL
B23: 1 | C23: No aplica | G23: =+ROUND(E23*F23*D23,0) -> 0
E24: SUBTOTAL TRANSPORTE | G24: =SUM(G23) -> 0
B26: MANO DE OBRA | D26: =+D16 -> UNIDAD | E26: CANTIDAD | F26: =+#REF! -> #REF! | G26: =+G16 -> VALOR TOTAL
B27: 1 | C27: =+#REF! -> #REF! | D27: h | E27: 0.05 | F27: =+#REF! -> #REF! | G27: =+ROUND(E27*F27,0) -> #REF!
E28: SUBTOTAL MANO DE OBRA | G28: =G27 -> #REF!
E29: COSTO DIRECTO | G29: =ROUND(G14+G20+G28+G24,0) -> #REF!

Sheet 4.35
K1: CÓDIGO | L1: MINFRA-MN-FR-14
C2: INSTITUTO NACIONAL DE VIAS
C3: PROCESO MISIONAL INFRAESTRUCTURA VIAL | K3: VERSIÓN | L3: 1
C4: DIRECCION TECNICA
C5: ANALISIS DE PRECIOS UNITARIOS | K5: PÁGINA | L5: 1 | M5: DE | N5: 1
K9: FECHA | L9: DD | M9: MM | N9: AA
B11: UNIDAD EJECUTORA: | K11: DIRECCIÓN TERRITORIAL:
B18: CONTRATO No. | E18: DE
B19: OBJETO DEL CONTRATO
B22: CONTRATISTA
B24: INTERVENTOR
B27: FECHA CIERRE DE LICITACIÓN Y/O SELECCIÓN ABREVIADA
B29: DATOS ESPECÍFICOS
B30: ITEM | C30: DESCRIPCIÓN | L30: UNIDAD | N30: CANTIDAD
A31: Unidad | B31: =+#REF! -> #REF! | C31: =+#REF! -> #REF! | L31: m3
B33: I. EQUIPO
B35: DESCRIPCIÓN | I35: TIPO | K35: TARIFA/HORA | L35: RENDIMIENTO | N35: Vr. UNITARIO
P40: M.O. calificada | Q40: M.O no calificada | R40: Materiales | S40: Servicios domiciliarios | T40: Terrenos | U40: Edificios | V40: Maquinaria y Equipo | W40: Mantenimiento maquinaria y equipo | X40: Transporte | Y40: suma
B41: HERRAMIENTA MENOR (%) | M41: 0.05 | N41: =N77*M41 -> #REF! | P41: =+$N$77*P42/$N$79 -> #REF! | Q41: =+$N$77*Q42/$N$79 -> #REF! | R41: =+N55/$N$79 -> #REF! | V41: =+N43/$N$79 -> #REF! | X41: =+N66/$N$79 -> #REF! | Y41: =+SUM(P41:X41) -> #REF!
P42: 0.27084407 | Q42: 0.72915593
B43: SUBTOTAL $ | N43: =SUM(N36:N41) -> #REF!
B45: II. MATERIALES
B47: DESCRIPCIÓN | J47: UNIDAD | K47: CANTIDAD | L47: PRECIO UNIT. | N47: Vr. UNITARIO
A48: B0014710 | B48: Piedra para gavión | J48: m3 | K48: 1.1 | M48: 31900 | N48: =K48*M48 -> 35090
A49: B0073220 | B49: Alambre galvanizado No. 12 | J49: kg | K49: 1.15 | M49: 5234.6667 | N49: =K49*M49 -> 6019.8667
A50: B021001 | B50: Formaleta (gaviones, juntas de bordillos, juntas de cunetas, muros, concretos clase D,E, F y G) | J50: m2 | K50: 2 | M50: 5678.6777 | N50: =K50*M50 -> 11357.355
A51: B033002 | B51: Malla para gaviones (2M3) | J51: u | K51: 0.5 | M51: 86484.305 | N51: =K51*M51 -> 43242.152
B55: SUBTOTAL $ | N55: =SUM(N48:N54) -> 95709.374
B57: III. TRANSPORTES
B59: MATERIAL | H59: UNIDAD | I59: CANTIDAD (1) | J59: DISTANCIA (2) | K59: (1) * (2) | L59: TARIFA | N59: Vr. UNITARIO
A60: T0010094 | B60: Transporte de piedra para gaviones | H60: m3/km | I60: 1.1 | J60: 1 | K60: 1.1 | L60: 1250 | N60: =K60*L60 -> 1375
B66: SUBTOTAL $ | N66: =N60+N61+N62+N63+N64 -> 1375
B68: IV. MANO DE OBRA
B70: TRABAJADOR | I70: JORNAL | J70: PRESTACIONES (%) | K70: JORNAL TOTAL | L70: RENDIMIENTO | N70: Vr. UNITARIO
A71: A0030040 | B71: =+#REF! -> #REF! | K71: =+#REF! -> #REF! | M71: 0.265 | N71: =K71*M71 -> #REF!
A72: A0040010
B77: SUBTOTAL $ | N77: =SUM(N71:N76) -> #REF!
B79: TOTAL COSTO DIRECTO $ | N79: =N43+N55+N66+N77 -> #REF!
B81: V. COSTOS INDIRECTOS
B83: Descripción | K83: Porcentaje | L83: Valor Total
B84: ADMINISTRACION | K84: 0.2 | L84: =N79*K84 -> #REF!
B85: IMPREVISTOS | K85: 0.05 | L85: =N79*K85 -> #REF!
B86: UTILIDAD | K86: 0.05 | L86: =N79*K86 -> #REF!
B87: SUBTOTAL $ | N87: =L84+L85+L86 -> #REF!
A89: PFinal01 | B89: Precio Unitario Total Aproximado al Peso $ | N89: =N79+N87 -> #REF!
G93: Firma
G94: Nombre:
G95: Representante Legal del Contratista o su Apoderado
G96: Matricula No. :
B98: OBSERVACIONES INTERVENTORÍA
G102: Firma
G103: Nombre:
G104: Representante Legal del Interventor o su Apoderado
G105: Matricula No. :
B106: Original: Archivo de Gestión Contractual ( Subdirección Administrativa)
B107: Copias : Unidad Ejecutora, Contratista, Interventor y Dirección Territorial.

Sheet 4.36
K1: CÓDIGO | L1: MINFRA-MN-FR-14
C2: INSTITUTO NACIONAL DE VIAS
C3: PROCESO MISIONAL INFRAESTRUCTURA VIAL | K3: VERSIÓN | L3: 1
C4: DIRECCION TECNICA
C5: ANALISIS DE PRECIOS UNITARIOS | K5: PÁGINA | L5: 1 | M5: DE | N5: 1
K9: FECHA | L9: DD | M9: MM | N9: AA
B11: UNIDAD EJECUTORA: | K11: DIRECCIÓN TERRITORIAL:
B18: CONTRATO No. | E18: DE
B19: OBJETO DEL CONTRATO
B22: CONTRATISTA
B24: INTERVENTOR
B27: FECHA CIERRE DE LICITACIÓN Y/O SELECCIÓN ABREVIADA
B29: DATOS ESPECÍFICOS
B30: ITEM | C30: DESCRIPCIÓN | L30: UNIDAD | N30: CANTIDAD
A31: Unidad | B31: =+#REF! -> #REF! | C31: =+#REF! -> #REF! | L31: m2
B33: I. EQUIPO
B35: DESCRIPCIÓN | I35: TIPO | K35: TARIFA/HORA | L35: RENDIMIENTO | N35: Vr. UNITARIO
P40: M.O. calificada | Q40: M.O no calificada | R40: Materiales | S40: Servicios domiciliarios | T40: Terrenos | U40: Edificios | V40: Maquinaria y Equipo | W40: Mantenimiento maquinaria y equipo | X40: Transporte | Y40: suma
P41: =+$N$77*P42/$N$79 -> #REF! | Q41: =+$N$77*Q42/$N$79 -> #REF! | R41: =+N55/$N$79 -> #REF! | V41: =+N43/$N$79 -> #REF! | X41: =+N66/$N$79 -> #REF! | Y41: =+SUM(P41:X41) -> #REF!
P42: 0.27084407 | Q42: 0.72915593
B43: SUBTOTAL $
B45: II. MATERIALES
B47: DESCRIPCIÓN | J47: UNIDAD | K47: CANTIDAD | L47: PRECIO UNIT. | N47: Vr. UNITARIO
A48: B025101 | B48: Geotextil Fortex BX-40 | J48: M2 | K48: 1.3 | M48: 4453 | N48: =K48*M48 -> 5788.9
B55: SUBTOTAL $ | N55: =SUM(N48:N54) -> 5788.9
B57: III. TRANSPORTES
B59: MATERIAL | H59: UNIDAD | I59: CANTIDAD (1) | J59: DISTANCIA (2) | K59: (1) * (2) | L59: TARIFA | N59: Vr. UNITARIO
B66: SUBTOTAL $
B68: IV. MANO DE OBRA
B70: TRABAJADOR | I70: JORNAL | J70: PRESTACIONES (%) | K70: JORNAL TOTAL | L70: RENDIMIENTO | N70: Vr. UNITARIO
A71: A0030040 | B71: =+#REF! -> #REF! | K71: =+#REF! -> #REF! | M71: =0.005/0.185 -> 0.027027027 | N71: =K71*M71 -> #REF!
A72: A0040010
B77: SUBTOTAL $ | N77: =SUM(N71:N76) -> #REF!
B79: TOTAL COSTO DIRECTO $ | N79: =N43+N55+N66+N77 -> #REF!
B81: V. COSTOS INDIRECTOS
B83: Descripción | K83: Porcentaje | L83: Valor Total
B84: ADMINISTRACION | K84: 0.2 | L84: =N79*K84 -> #REF!
B85: IMPREVISTOS | K85: 0.05 | L85: =N79*K85 -> #REF!
B86: UTILIDAD | K86: 0.05 | L86: =N79*K86 -> #REF!
B87: SUBTOTAL $ | N87: =L84+L85+L86 -> #REF!
A89: PFinal01 | B89: Precio Unitario Total Aproximado al Peso $ | N89: =N79+N87 -> #REF!
G93: Firma
G94: Nombre:
G95: Representante Legal del Contratista o su Apoderado
G96: Matricula No. :
B98: OBSERVACIONES INTERVENTORÍA
G102: Firma
G103: Nombre:
G104: Representante Legal del Interventor o su Apoderado
G105: Matricula No. :
B106: Original: Archivo de Gestión Contractual ( Subdirección Administrativa)
B107: Copias : Unidad Ejecutora, Contratista, Interventor y Dirección Territorial.
